 Dungeon Crawl Stone Soup version 0.30-a0-377-g5cb311bc9f (webtiles) character file.

Game seed: 14662914403340369726

567260 MackTheKnife the Conqueror (level 26, -2/173 HPs)
             Began as a Gargoyle Cinder Acolyte on Nov 30, 2022.
             Was a Believer of Ignis.
             Killed from afar by an orb of fire (5 damage)
             ... with a fireball
             ... on level 5 of the Realm of Zot.
             The game lasted 02:21:20 (65699 turns).

MackTheKnife the Conqueror (GrCA)                  Turns: 65699, Time: 02:21:20

Health: -2/173     AC: 59    Str: 30    XL:     26   Next: 84%
Magic:  0/37       EV: 13    Int: 17    God:    Ignis [**....]
Gold:   4587       SH: 14    Dex: 13    Spells: 27/53 levels left

rFire   + . .      SeeInvis +    a - +5 broad axe (vamp) {axe}
rCold   + + .      Faith    .    P - +3 buckler {rC+}
rNeg    + . .      Spirit   +    z - +8 plate armour "Sonoytug" {Dex+3}
rPois   ∞          Reflect  +    f - +2 hat of the Bear Spirit {Spirit, *Rage Will++}
rElec   +          Harm     .    j - +2 cloak {Stlth+}
rCorr   +          Rampage  .    e - +1 pair of gloves of Deul {rPois Regen+}
Will    ++++.      Rage     29%  W - +3 pair of mountain boots {steadfast, rC+}
Stlth   .......... Rnd*Tele +    H - amulet of Yqast {Reflect Will+ Str+6 Dex-5 SH+5 SInv}
HPRegen 1.28/turn                V - ring "Yjieczah" {rPois rCorr Str+6 Dex+2}
MPRegen 0.25/turn                R - ring of Cic Qosk {Wiz rElec rF+ MP+9 Str+4}

@: flying, unable to read, unable to drink
A: sickness immunity, AC +20, big wings, negative energy resistance 1,
electricity resistance, torment resistance 1, petrification resistance, claws 1,
horns 1, talons 1, iridescent scales 1, berserk 2, deformed body, dopey 1, frail
1, low MP 3, screaming 1, teleportitis 2, weak 2, no potion heal 1, heat
vulnerability 1, inability to drink after injury 1, inability to read after
injury 2, noise suppression, devolution 1
0: Orb of Zot
}: 3/15 runes: decaying, silver, gossamer
a: Renounce Religion, Fiery Armour, Foxfire Swarm


You were on level 5 of the Realm of Zot.
You worshipped Ignis.
Ignis was pleased with you.
You visited 10 branches of the dungeon, and saw 50 of its levels.
You also visited: Trove, Ice Cave, Volcano and Desolation.

You collected 7951 gold pieces.
You spent 3364 gold pieces at shops.


Innate Abilities, Weirdness & Mutations

You are immune to sickness and miasma.
Your stone body is resilient. (AC +20)
You are immune to poison.
Your large and strong wings let you fly.
You resist negative energy. (rN+)
You are resistant to electric shocks. (rElec)
You are resistant to unholy torment.
You are immune to petrification.
You have sharp fingernails.
You have a pair of small horns on your head.
You have sharp toenails.
You are partially covered in iridescent scales. (AC +2)
You have an uncontrollable temper.
Armour fits poorly on your strangely shaped body.
You are dopey. (Int -2)
You are frail. (-10% HP)
Your magical capacity is extremely low. (-30% MP)
You occasionally shout uncontrollably at your foes.
You are often teleported next to monsters.
You are very weak. (Str -4)
Potions are less effective at restoring your health.
You are vulnerable to heat. (rF-)
You occasionally lose the ability to drink potions when taking damage.
You sometimes lose the ability to read scrolls when taking damage.
You passively dampen the noise of your surroundings.
You have hidden genetic defects.


   Skills:
 O Level 27 Fighting
 + Level 16.6(18.3) Axes
 - Level 14.2(18.0) Maces & Flails
 - Level 22.5 Armour
 - Level 10.5 Dodging
 - Level 8.1 Shields
 - Level 14.1 Spellcasting
 - Level 13.3 Conjurations
 - Level 9.1 Necromancy
 - Level 3.0 Fire Magic
 - Level 14.5 Earth Magic
 - Level 6.7 Evocations


You had 27 spell levels left.
You knew the following spells:

 Your Spells              Type           Power      Damage    Failure   Level
a - Stone Arrow           Conj/Erth      100%       3d13      1%          3
b - Apportation           Tloc           24%        N/A       10%         1
c - Animate Dead          Necr           43%        N/A       2%          4
d - Lee's Rapid Deconstr  Erth           28%        3d15*     1%          5
e - Iron Shot             Conj/Erth      28%        9d6       4%          6
f - Orb of Destruction    Conj           27%        9d9       32%         7

Your spell library contained the following spells:

 Spells                   Type           Power      Damage    Failure   Level
 Foxfire                  Conj/Fire      100%       2x1d9     1%          1
 Kiss of Death            Conj/Necr      100%       2d13      1%          1
 Magic Dart               Conj           100%       1d8       1%          1
 Necrotise                Necr           100%       1d9       1%          1
 Sandblast                Erth           100%       2d20      1%          1
 Shock                    Conj/Air       100%       1d9       1%          1
 Momentum Strike          Conj/Tloc      68%        3d9       1%          2
 Passwall                 Tmut/Erth      30%        N/A       1%          2
 Searing Ray              Conj           100%       2d8       1%          2
 Dazzling Flash           Conj/Hex       68%        N/A       1%          3
 Hailstorm                Conj/Ice       34%        3d9       1%          3
 Iskenderun's Battlesphe  Conj           55%        2d11      1%          5
 Dispel Undead            Necr           43%        3d17      2%          4
 Scorch                   Fire           44%        2d7       4%          2
 Mephitic Cloud           Conj/Pois/Air  27%        N/A       4%          3
 Petrify                  Tmut/Erth      36%        N/A       4%          4
 Fulminant Prism          Conj/Hex       17%        3d10      6%          4
 Iskenderun's Mystic Bla  Conj/Tloc      34%        2d8       6%          4
 Agony                    Necr           43%        N/A       6%          5
 Freeze                   Ice            48%        1d6       10%         1
 Slow                     Hex            48%        N/A       10%         1
 Summon Small Mammal      Summ           48%        N/A       10%         1
 Fireball                 Conj/Fire      19%        3d9       10%         5
 Blink                    Tloc           24%        N/A       16%         2
 Anguish                  Hex/Necr       13%        N/A       16%         4
 Irradiate                Conj/Tmut      17%        3d17      17%         5
 Kindle Blastsparks       Fire/Tloc/Air  30%        2d12      19%         3
 Call Canine Familiar     Summ           12%        N/A       28%         3
 Confusing Touch          Hex            12%        N/A       28%         3
 Frozen Ramparts          Ice            24%        1d4       28%         3
 Lesser Beckoning         Tloc           24%        N/A       28%         3
 Ozocubu's Armour         Ice            12%        N/A       28%         3
 Summon Guardian Golem    Hex/Summ       12%        N/A       28%         3
 Vhi's Electric Charge    Tloc/Air       24%        N/A       28%         3
 Death Channel            Necr           21%        N/A       32%         6
 Starburst                Conj/Fire      19%        6d7       45%         6
 Cause Fear               Hex            6%         N/A       65%         4
 Ice Form                 Ice/Tmut       12%        N/A       65%         4
 Manifold Assault         Tloc           12%        N/A       65%         4
 Summon Ice Beast         Ice/Summ       12%        N/A       65%         4
 Summon Lightning Spire   Summ/Air       12%        N/A       65%         4
 Conjure Ball Lightning   Conj/Air       17%        3x3d6     65%         6
 Simulacrum               Ice/Necr       13%        N/A       89%         6
 Alistair's Intoxication  Tmut/Pois      8%         N/A       92%         5
 Blade Hands              Tmut           6%         N/A       92%         5
 Metabolic Englaciation   Hex/Ice        6%         N/A       92%         5
 Silence                  Hex/Air        6%         N/A       92%         5
 Summon Forest            Summ/Tloc      6%         N/A       92%         5
 Summon Mana Viper        Hex/Summ       12%        N/A       92%         5
 Yara's Violent Unravell  Hex/Tmut       6%         3d5       92%         5
 Spellforged Servitor     Conj/Summ      17%        N/A       99%         7
 Dispersal                Tloc           6%         N/A       100%        6
 Eringya's Noxious Bog    Tmut/Pois      6%         N/A       100%        6
 Dragon Form              Tmut           6%         N/A       100%        7
 Enfeeble                 Hex            6%         N/A       100%        7
 Haunt                    Necr/Summ      13%        N/A       100%        7
 Storm Form               Tmut/Air       6%         N/A       100%        7
 Summon Hydra             Summ           6%         N/A       100%        7
 Disjunction              Tloc           6%         N/A       100%        8
 Infestation              Necr           21%        N/A       100%        8
 Necromutation            Tmut/Necr      13%        N/A       100%        8
 Chain Lightning          Conj/Air       17%        3d22      100%        9
 Dragon's Call            Summ           6%         N/A       100%        9
 Fire Storm               Conj/Fire      19%        8d5       100%        9
 Polar Vortex             Ice            6%         N/A       100%        9
 Shatter                  Erth           28%        3d24*     100%        9
 Sublimation of Blood     Necr           Unusable   N/A       N/A         2
 Cigotuvi's Dreadful Rot  Necr/Pois/Air  Unusable   N/A       N/A         2
 Statue Form              Tmut/Erth      Unusable   N/A       N/A         6

Inventory:

Hand Weapons
 a - a +5 vampiric broad axe (weapon) {axe}
   (You bought it in a shop on level 2 of the Orcish Mines)
 M - the +7 sceptre of Torment {pain, torment}
   (You took it off a vampire mage on level 1 of the Crypt)

   In the hands of one skilled in necromantic magic, it inflicts extra damage on
   living creatures.
   It occasionally torments all nearby living foes when it strikes in combat.
Armour
 e - the +1 pair of gloves of Deul (worn) {rPois Regen+}
   (You found it on level 4 of the Vaults)

   rPois:     It protects you from poison.
   Regen:     It increases your rate of health regeneration.
 f - the +2 hat of the Bear Spirit (worn) {Spirit, *Rage Will++}
   (You found it in the Desolation of Salt)

   Going berserk makes the wearer tougher, and they're slowed less afterward.
   *Rage:     It berserks you when you make melee attacks (+20% chance).
   Will:      It greatly increases your willpower.
 j - a +2 cloak of stealth (worn)
   (You found it in the Desolation of Salt)
 z - the +8 plate armour "Sonoytug" (worn) {Dex+3}
   (You acquired it on level 5 of the Vaults)

   Dex:       It affects your dexterity (+3).
 P - a +3 buckler of cold resistance (worn)
   (You found it in an ice cave)
 W - the +3 pair of mountain boots (worn) {steadfast, rC+}
   (You found it on level 1 of the Depths)

   It prevents involuntary movement, except for blinking, teleportation, or
   banishment.
   rC:        It protects you from cold.
 Z - +0 gold dragon scales {rare}
   (You found it on level 5 of the Realm of Zot)
Jewellery
 i - the ring of Shadows {Umbra +Inv Stlth+}
   (You found it on level 3 of the Elven Halls)

   [ring of stealth]

   It surrounds you with an aura of shadow, increasing your stealth and reducing
   the accuracy of all others within it.
   +Inv:      It lets you turn invisible.
   Stlth:     It makes you more stealthy.
 p - the ring "Ykashac" {Will+ Str-2 Int+5 Slay+6 Stlth-}
   (You took it off a deep elf blademaster on level 3 of the Elven Halls)

   [ring of willpower]

   Str:       It affects your strength (-2).
   Int:       It affects your intelligence (+5).
   Slay:      It affects your accuracy & damage with ranged weapons and melee
   (+6).
   Will:      It increases your willpower.
   Stlth:     It makes you less stealthy.
 w - the ring "Ypuruu" {rElec rN+ Slay+4}
   (You acquired it on level 14 of the Dungeon)

   [ring of positive energy]

   Slay:      It affects your accuracy & damage with ranged weapons and melee
   (+4).
   rElec:     It insulates you from electricity.
   rN:        It protects you from negative energy.
 H - the amulet of Yqast (around neck) {Reflect Will+ Str+6 Dex-5 SH+5 SInv}
   (You found it on level 1 of the Lair of Beasts)

   [amulet of reflection]

   It reflects blocked missile attacks.
   Str:       It affects your strength (+6).
   Dex:       It affects your dexterity (-5).
   SInv:      It lets you see invisible.
   SH:        It affects your SH (+5).
   Will:      It increases your willpower.
 R - the ring of Cic Qosk (right hand) {Wiz rElec rF+ MP+9 Str+4}
   (You found it on level 11 of the Dungeon)

   [ring of wizardry]

   It improves your spell success rate.
   Str:       It affects your strength (+4).
   rF:        It protects you from fire.
   rElec:     It insulates you from electricity.
   MP:        It affects your magic capacity (+9).
 V - the ring "Yjieczah" (left hand) {rPois rCorr Str+6 Dex+2}
   (You took it off a fire giant on level 3 of the Depths)

   [ring of strength]

   Str:       It affects your strength (+6).
   Dex:       It affects your dexterity (+2).
   rPois:     It protects you from poison.
   rCorr:     It protects you from acid and corrosion.
Wands
 q - a wand of roots (28)
   (You found it on level 1 of the Lair of Beasts)
 r - a wand of acid (26)
   (You found it on level 13 of the Dungeon)
 G - a wand of mindburst (4)
   (You found it on level 2 of the Elven Halls)
 J - a wand of digging (11)
   (You took it off Ijyb on level 5 of the Dungeon)
Scrolls
 k - 4 scrolls of immolation {!r!r}
 m - a scroll of brand weapon
 s - 3 scrolls of magic mapping {!r}
 x - 2 scrolls of fear
 y - 4 scrolls of poison
 B - 18 scrolls of teleportation {@r4}
 C - 5 scrolls of blinking {!r}
 Q - 5 scrolls of enchant armour
 T - 2 scrolls of butterflies
 U - 6 scrolls of silence {!r}
Potions
 b - 8 potions of heal wounds {@q2}
 c - 6 potions of attraction {!q}
 g - 5 potions of resistance
 l - 5 potions of haste {@q3}
 n - 8 potions of lignification {!q}
 o - 15 potions of curing {@q1}
 u - 9 potions of ambrosia
 v - 3 potions of invisibility
 D - 5 potions of cancellation
 E - 4 potions of might
 F - 4 potions of berserk rage {!q}
 I - 3 potions of flight
 O - 4 potions of magic
 X - 11 potions of brilliance
Miscellaneous
 d - a tin of tremorstones (2/2) {throwing}
   (You found it on level 4 of the Swamp)
 t - a condenser vane
   (You found it on level 1 of the Elven Halls)
 A - a lightning rod (4/4)
   (You found it on level 3 of the Elven Halls)
 K - a phantom mirror (inert)
   (You found it on level 2 of the Vaults)
 L - a box of beasts (inert)
   (You found it on level 3 of the Elven Halls)
 N - a piece from Xom's chessboard (15/15)
   (You found it on level 3 of the Lair of Beasts)
 Y - a phial of floods
   (You found it on level 5 of the Vaults)

Dungeon Overview and Level Annotations

Branches:
Dungeon (15/15)            Temple (0/1) D:5            Lair (5/5) D:10
  Swamp (4/4) Lair:3       Spider (4/4) Lair:2        Slime (0/5) Lair:4
    Orc (2/2) D:10            Elf (3/3) Orc:2        Vaults (5/5) D:13
  Crypt (3/3) Vaults:3       Tomb (0/3) Crypt:3      Depths (4/4) D:15
    Zot (5/5) Depths:4      IceCv (visited)         Volcano (visited)
Desolation (visited)

Altars:
Kikubaaqudgha
Qazlal
Uskayaw
Vehumet
Wu Jian
Xom
Yredelemnul
Jiyva
Lugonu

Shops:
Orc:2 [((**   Elf:1 :==   Vaults:1 ?:   Vaults:2 *   Vaults:3 =   Vaults:4 =
Depths:4 (*!

Portals:
Hell: Depths:1 Depths:2 Depths:3 Depths:4
Abyss: Lair:5 Depths:3 Depths:4
Pandemonium: Depths:2
Ziggurat: Depths:2

Annotations:
Orc:2 3 runed translucent doors, exclusion: upstairs, Voxish's ghost, journeyman TeSu
Elf:2 3 runed translucent doors
Vaults:5 Mennas
Depths:4 2 runed translucent doors, Hom Cuaz's ghost, master HuEE
Zot:2 exclusions: 2 downstairs and upstairs
Zot:3 exclusion: 3 upstairs
Zot:5 exclusion: 2 upstairs

▓▓▓▓▓▓▓▓▓▓▓▓* ............▓▓▓*
........)......▓▓▓ **
.................▓▓ **,
..................▓ ▓▓▓▓▓▓▓▓▓ *,,
...............^..▓▓▓.......▓▓*,,
....^.............▓▓.........▓▓,,
................@.▓.......^...▓.,
...........^..^......*.L......LDp
..................▓.*.....^.^.▓z○
..................▓▓.........▓▓,.
..................▓▓▓.2^....▓▓*,,
..................# ▓▓▓▓▓▓▓▓▓ *,,
.................## **,
...............▓## **
............▓▓▓▓


You could see 2 orbs of fire, an ancient lich (invisible) and a tormentor.


Message History

The sentinel's mark upon you fades away.
The black draconian knight mumbles some strange words.
The black draconian knight flickers and vanishes for a moment.
An Orb Guardian comes into view.
The red draconian scorcher breathes fire at you.
The searing blast hits you! You resist.
* * * LOW HITPOINT WARNING * * *
The white draconian hits you but does no damage. 😨 HP[-5]
You take 5 damage, and now have 76/173 hp.
Unknown command.
Unknown command.
Unknown command.
The white draconian attacks as you move away!
The white draconian hits you with a +0 hand axe.
* * * LOW HITPOINT WARNING * * *
The red draconian scorcher gestures at you while chanting.
The bolt of magma hits you!! You partially resist.
You feel threatened and lose the ability to drink potions!
* * * LOW HITPOINT WARNING * * *
😨 HP[-29] MP[-6]
You take 29 damage, and now have 47/173 hp.
You lost 6 mp, and now have 9/37 mp.
Really fly into that permanent teleport trap?
The black draconian knight attacks as you move away!
The black draconian knight hits you but does no damage.
You enter a permanent teleport trap!
Your surroundings suddenly seem different.
The orb of fire glows yellow.
Strange energies course through your body.
You feel even more weirdly uncertain.
The orb of fire glows red.
The bolt of fire hits you! You resist.
* * * LOW HITPOINT WARNING * * *
Unknown command. 😱 HP[-12] MP[-3]
You take 12 damage, and now have 35/173 hp.
You lost 3 mp, and now have 6/37 mp.
Unknown command.
Unknown command.
You cannot read scrolls in your current state!
Unknown command.
Unknown command.
You cannot drink potions in your current state!
Unknown command.
Unknown command.
Unknown command.
Unknown command.
You cannot drink potions in your current state!
You cannot read scrolls in your current state!
Unknown command.
Unknown command.
Okay, then.
Unknown command.
Okay, then.
Unknown command.
Unknown command.
Unknown command.
You cannot read scrolls in your current state!
Unknown command.
Unknown command.
You cannot drink potions in your current state!
Unknown command. 😱 HP[+1] Unknown command.
The orb of fire emits a lurid red light.
Strange energies course through your body.
You feel the urge to shout. 😱 HP[+1] MP[+1] Unknown command.
The orb of fire glows deep purple.
The bolt of fire hits you! You resist.
* * * LOW HITPOINT WARNING * * *
The ancient lich gestures wildly while chanting.
The ancient lich flickers and vanishes for a moment.
A tormentor comes into view. 😱 HP[-11] MP[-3]
You take 11 damage, and now have 26/173 hp.
You lost 3 mp, and now have 4/37 mp.
Unknown command.
The electric golem hurls lightning at you.
The bolt of lightning hits you! You resist.
* * * LOW HITPOINT WARNING * * *
The orb of fire emits a lurid red light.
The fireball explodes!
The fireball engulfs you! You resist.
* * * LOW HITPOINT WARNING * * *
The orb of fire glows deep purple.
The fireball explodes!
The fireball engulfs you! You resist.
* * * LOW HITPOINT WARNING * * *
Unknown command. 😱 HP[-24] MP[-3]
You take 24 damage, and now have 2/173 hp.
You lost 3 mp, and now have 1/37 mp.
Unknown command.
You cannot read scrolls in your current state!
Unknown command.
Unknown command.
The orb of fire emits a lurid red light.
The fireball explodes!
The fireball engulfs you. You resist.
You die...

Skill      XL: |  1  2  3  4  5  6  7  8  9 10 11 12 13 14 15 16 17 18 19 20 21 22 23 24 25 26 |
---------------+-------------------------------------------------------------------------------+-----
Maces & Flails | 4 5 7 10 13 14 | 14.2
Armour         | 2 3 8 9 10 11 14 21 22 | 22.5
Fighting       | 4 5 6 8 10 11 14 17 20 24 27 | 27.0
Dodging        | 4 9 10 | 10.5
Earth Magic    | 5 8 9 12 14 | 14.5
Conjurations   | 4 7 8 11 13 | 13.3
Spellcasting   | 4 6 7 8 12 14 | 14.1
Axes           | 6 7 13 16 | 16.6
Necromancy     | 5 8 9 |  9.1
Shields        | 5 8 |  8.1
Evocations     | 6 |  6.7
Fire Magic     | |  3.0

Action                   |  1- 3 |  4- 6 |  7- 9 | 10-12 | 13-15 | 16-18 | 19-21 | 22-24 | 25-27 || total
-------------------------+-------+-------+-------+-------+-------+-------+-------+-------+-------++-------
Melee: Mace              |   128 |    98 |       |       |       |       |       |       |       ||   226
       Punch             |     2 |     1 |       |       |    27 |       |       |       |       ||    30
       Flail             |       |    53 |    23 |       |   139 |    96 |       |       |       ||   311
       Dire flail        |       |       |   380 |   760 |   200 |       |       |       |       ||  1340
       Whip              |       |       |       |       |  1450 |  1611 |       |       |       ||  3061
       Broad axe         |       |       |       |       |       |   169 |  1738 |  1996 |  1242 ||  5145
       Headbutt          |       |       |       |       |       |       |       |       |    46 ||    46
 Cast: Stone Arrow       |       |       |       |       |     9 |     3 |       |       |       ||    12
       Animate Dead      |       |       |       |       |       |    10 |    17 |    12 |    11 ||    50
       Lee's Rapid Decon |       |       |       |       |       |     5 |       |       |       ||     5
       Iron Shot         |       |       |       |       |       |       |       |     1 |    13 ||    14
Invok: Fiery Armour      |     1 |     1 |     1 |     1 |       |       |       |       |       ||     4
       Foxfire Swarm     |       |       |     3 |       |       |       |       |       |       ||     3
       Rising Flame      |       |       |       |       |       |     1 |       |       |       ||     1
Evoke: Wand              |       |       |     3 |    24 |    10 |       |    11 |       |     1 ||    49
       Phantom mirror    |       |       |       |       |       |       |     1 |       |     1 ||     2
       Box of beasts     |       |       |       |       |       |       |       |       |     1 ||     1
       Phial of floods   |       |       |       |       |       |       |       |       |     1 ||     1
       Condenser vane    |       |       |       |       |       |       |       |       |     1 ||     1
  Use: Scroll            |       |     5 |     1 |    22 |    11 |     4 |    10 |     6 |    12 ||    71
       Potion            |       |       |     1 |     8 |     5 |     4 |     4 |     7 |    15 ||    44
 Stab: Petrified         |       |       |       |       |     5 |       |       |       |       ||     5
       Petrifying        |       |       |       |       |     2 |       |       |       |       ||     2
       Distracted        |       |       |       |       |     1 |     8 |    12 |     8 |     5 ||    34
Armor: Robe              |    55 |       |       |       |       |       |       |       |       ||    55
       Ring mail         |    20 |     4 |       |       |       |       |       |       |       ||    24
       Chain mail        |       |   100 |    66 |       |   529 |  1069 |   886 |  1216 |       ||  3866
       Scale mail        |       |       |   158 |   363 |   132 |       |       |       |       ||   653
       Plate armour      |       |       |       |       |       |       |       |   401 |   894 ||  1295
Dodge: Dodged            |    86 |    68 |   180 |   273 |   521 |   553 |   418 |   823 |   431 ||  3353
Block: Other             |       |       |       |   105 |   212 |       |       |       |       ||   317
       Reflection        |       |       |       |     2 |    12 |    10 |    44 |    20 |     5 ||    93
       Buckler           |       |       |       |       |    55 |   856 |   734 |  1255 |   639 ||  3539

Levels and vault maps discovered:
D:1:      elethiomel_arrival_infinity_welcomes_careful_drivers, layout_basic
D:2:      layout_basic, minivault_14
D:3:      layout_basic, uniq_robin, uniq_jessica
D:4:      nicolae_BIG_FREAKIN_CUBE, layout_layer_cave, marbit_many_paths
D:5:      layout_rooms, temple_hall, uniq_ijyb
D:6:      layout_layer_cave, uniq_eustachio, uniq_duvessa
D:7:      layout_basic
D:8:      layout_rooms, mainiacjoe_overflow_catwalk_spiral, grunt_tough_drop
D:9:      layout_long_grid, mainiacjoe_overflow_chevrons, grunt_decor_cap
D:10:     layout_basic, dpeg_lair_monsters,
          kennysheep_orc_monster_closet_entryway, minivault_25_ag,
          wad_floor_pattern_untrapped
D:11:     nzn_winding_woodlands_stair_cross [nzn_winding_woodlands_5x15_garden,
          nzn_winding_woodlands_center_garden, nzn_winding_woodlands_5x15_cabin,
          nzn_winding_woodlands_5x5_default,
          nzn_winding_woodlands_5x5_perimeter,
          nzn_winding_woodlands_5x15_default,
          nzn_winding_woodlands_center_pierced_h,
          nzn_winding_woodlands_5x15_crooked], layout_basic,
          portal_ice_cave_entry_pillars_2, grunt_ministairs_2
D:12:     minmay_distorted_concentric_squares, layout_irregular_city
D:13:     layout_loops_ring, erik_vaults_1, uniq_kirke
D:14:     layout_gridville, nrook_guardian_serpent_double
D:15:     gammafunk_depths_entry_grave, layout_long_grid, chequers_mini_garden,
          serial_bayou, serial_bayou_shore_b, serial_bayou_shore_b,
          serial_bayou_pond_c
Lair:1:   gammafunk_cloud_chamber, layout_long_grid,
          grunt_forest_large_clearing_hut
Lair:2:   layout_chaotic_city, nicolae_spider_entry_orb_guardian,
          hangedman_lair_generics_rect, uniq_erica
Lair:3:   layout_long_grid, nicolae_swamp_entry_splash_gauntlet
Lair:4:   minmay_guarded_unrand_snakebite, layout_gridlike, slime_entry_1
Lair:5:   hellmonk_lair_end_abyssal_woods, layout_layer_cave, basic_altar,
          nicolae_volcano_entry_two_sided, wad_woods_02
Swamp:1:  layout_falls_marsh, hangedman_swamp_ruin_wall,
          nicolae_swamp_very_dense_foliage
Swamp:2:  layout_basic_swamp, nicolae_swamp_orc_logging_accident
Swamp:3:  layout_basic_swamp, hangedman_swamp_ruin_hall
Swamp:4:  swamp_alternative, layout_basic_swamp, nzn_swamp_blast_mining,
          uniq_louise, uniq_mara, uniq_nikola
Spider:1: layout_chambers, uniq_asterion
Spider:2: layout_chambers, hangedman_spider_tarantella_strand
Spider:3: layout_spider_delve, uniq_arachne
Spider:4: spider_rune_water
Orc:1:    layout_diamond_mine
Orc:2:    st_orc_mages, layout_diamond_mine, serial_shops, shop,
          maelrawn_ghost_gauntlet_escape, nicolae_shop_gadgets
Elf:1:    eino_elf_arrival_shootout, layout_onion_city, evilmike_minifort,
          st_stairs_5, dk_noncrumbling_2, minmay_shop_grove
Elf:2:    nicolae_elf_blades_splatter_lattice [nicolae_blade_entry_pointy_end],
          layout_gridlike, nicolae_trove_entry_columns
Elf:3:    elf_hall_gauntlet_narrow, layout_loops_corners,
          small_chamber_with_monster, minmay_checkered_concentric_circles
Vaults:1: portal_desolation_entry_ruin, nicolae_vaults_big_angled_halls,
          nicolae_vaults_asterisk, v_misc_14, st_smaller_cells,
          nicolae_vaults_network_star, ontoclasm_vaults_ligature,
          vaults_room_grunt_arrival_ludios, nicolae_vaults_theta,
          vaults_mumra_lcd, v_misc_13, layout_vaults_omnicross, serial_shops,
          nicolae_shop_crystal, shop
Vaults:2: dpeg_vaults_hating_casters, nicolae_vaults_hallways_thing,
          vaults_room_stairs_pillars, nicolae_vaults_little_squares_3,
          nicolae_vaults_yaktaur_gun_rack, ontoclasm_vaults_loading_screen,
          v_alt_pattern_1, v_misc_15, layout_vaults_omnigrid, serial_shops,
          shop, uniq_boris
Vaults:3: vaults_room_grid, grunt_vaults_twisty,
          ontoclasm_vaults_claustrophobia, v_misc_19, v_misc_25,
          nicolae_vaults_disjoint_gnomons, vaults_room_door_ring,
          vaults_room_stairs_pillars, vaults_dpeg_diagonal,
          vaults_dpeg_emergency_exit, ontoclasm_vaults_shuriken, v_misc_12,
          nicolae_vaults_network_s, grunt_vaults_hallway_short,
          layout_vaults_ring, minmay_crypt_entry_nasty_monster, serial_shops,
          shop, uniq_aizul
Vaults:4: hangedman_vaults_restitches, nicolae_vaults_network_quinsquares
          [nicolae_vaults_network_quincunx_subvault,
          nicolae_vaults_network_quincunx_subvault,
          nicolae_vaults_network_quincunx_subvault,
          nicolae_vaults_network_quincunx_subvault], vaults_room_octagon,
          nicolae_vaults_specimen_jars, hangedman_vaults_river_flow,
          vaults_mumra_hexcomb, vaults_room_large_hall, hangedman_vaults_cutoff,
          ontoclasm_vaults_spin, vaults_room_pool, layout_vaults_chaotic_city,
          serial_shops, shop, serial_glass
Vaults:5: uniq_mennas
Crypt:1:  gammafunk_crypt_yreds_forest, layout_regular_city,
          minmay_misc_feat_pillars, grunt_ministairs_7,
          serial_sigils_hangedman_etch, lemuel_nasty_fountain, uniq_josephina
Crypt:2:  layout_chaotic_city, lemuel_upstairs_altar
Crypt:3:  cryptofortress_bobbens
Depths:1: layout_cave_pools, hell_entry, nicolae_qazlal_eye_of_the_storm,
          dispersion_dpeg, uniq_bai_suzhen
Depths:2: kb_forest_paths, layout_gridlike, enter_ziggurat_c, hell_entry,
          rand_demon_pan_entry_8, chequers_serial_rivers_micro_a
Depths:3: minmay_the_grid_triangle_9x9_rhombus_thin
          [minmay_the_grid_triangle_9x9_steps,
          minmay_the_grid_triangle_9x9_prize_center,
          minmay_the_grid_triangle_9x9_cache,
          minmay_the_grid_triangle_9x9_minimal], layout_basic, abyss_entry,
          grunt_mini_vestibule, minmay_misc_feat_diagonals,
          minmay_hollow_rounded_squares, serial_bayou_shore_b
Depths:4: grunt_twist_and_shout, layout_cave_pools, hell_entry,
          muffindrake_ghost_dual_entry, serial_shops, nicolae_shop_crystal,
          shop_fountains, nicolae_shop_bloodbath_and_beyond,
          nicolae_twisting_strands, abyss_entry_flame_altar, uniq_saint_roka
Zot:1:    layout_basic
Zot:2:    lemuel_firehouse, layout_cathedral_of_symmetry,
          st_large_dragon_hoard_2
Zot:3:    lemuel_acid_trip, layout_cathedral_of_symmetry
Zot:4:    layout_gridlike, grunt_megastairs_5
Zot:5:    layout_cathedral_of_symmetry

Notes
Turn   | Place    | Note
-------+----------+-------------------------------------------
     0 | D:1      | MackTheKnife the Gargoyle Cinder Acolyte began the quest
                  | for the Orb.
     0 | D:1      | Reached XP level 1. HP: 14/14 MP: 2/2
     0 | D:1      | magus.rc [v1.9.6]
    45 | D:1      | Reached XP level 2. HP: 17/19 MP: 3/3
   126 | D:1      | HP: 4/19 [kobold/+0 whip (2)]
   130 | D:1      | HP: 1/19 [kobold/+0 whip (2)]
   392 | D:1      | You fall into a shaft and drop 1 floor!
   409 | D:2      | Reached skill level 4 in Maces & Flails
   425 | D:2      | Reached XP level 3. HP: 11/23 MP: 4/4
  1291 | D:2      | Identified the +6 dagger of Wyrd {vorpal, rF+ rCorr}
  1406 | D:2      | Reached XP level 4. HP: 25/28 MP: 5/5
  1514 | D:2      | Reached skill level 1 in Armour
  1707 | D:3      | Noticed an ice beast
  1714 | D:3      | Killed an ice beast
  1715 | D:3      | Reached skill level 4 in Fighting
  1715 | D:3      | Reached skill level 2 in Armour
  1715 | D:3      | Reached XP level 5. HP: 26/34 MP: 6/6
  1828 | D:3      | You pick up a book of Cantrips and begin reading...
  1828 | D:3      | You add the spells Necrotise, Summon Small Mammal and
                  | Apportation to your library.
  1865 | D:3      | Noticed Robin
  1886 | D:3      | Killed Robin
  1950 | D:3      | You pick up a book of Geomancy and begin reading...
  1950 | D:3      | You add the spells Sandblast, Passwall and Stone Arrow to
                  | your library.
  1976 | D:3      | Noticed Jessica
  1987 | D:3      | Killed Jessica
  1988 | D:3      | Reached skill level 3 in Armour
  1988 | D:3      | Reached XP level 6. HP: 37/39 MP: 7/7
  2679 | D:4      | Reached skill level 5 in Fighting
  2745 | D:4      | Reached skill level 5 in Maces & Flails
  3148 | D:4      | Reached XP level 7. HP: 39/44 MP: 8/8
  3176 | D:4      | Found a hide-covered altar of Uskayaw.
  3302 | D:4      | Reached skill level 6 in Maces & Flails
  3493 | D:5      | Entered Level 5 of the Dungeon
  3507 | D:5      | Identified the +1 robe of Tulips {rElec rPois rN+++ Str-3}
  4047 | D:5      | Noticed Ijyb
  4065 | D:5      | Reached skill level 7 in Maces & Flails
  4086 | D:5      | Killed Ijyb
  4202 | D:5      | Found a staircase to the Ecumenical Temple.
  4371 | D:6      | Reached XP level 8. HP: 45/49 MP: 9/9
  4536 | D:6      | Reached skill level 8 in Maces & Flails
  4579 | D:6      | Noticed Duvessa
  4592 | D:6      | Killed Duvessa
  4594 | D:6      | Noticed Dowan
  4607 | D:6      | Killed Dowan
  4608 | D:6      | Reached skill level 9 in Maces & Flails
  4828 | D:6      | Noticed Eustachio
  4846 | D:6      | Killed Eustachio
  4847 | D:6      | Reached skill level 10 in Maces & Flails
  4944 | D:6      | Reached XP level 9. HP: 43/54 MP: 10/10
  5357 | D:7      | Reached skill level 11 in Maces & Flails
  5908 | D:7      | Reached skill level 12 in Maces & Flails
  6410 | D:8      | You add the spells Blink, Manifold Assault and Storm Form
                  | to your library.
  6417 | D:8      | Noticed a two-headed ogre
  6424 | D:8      | Killed a two-headed ogre
  6425 | D:8      | Reached skill level 6 in Fighting
  6425 | D:8      | Reached skill level 13 in Maces & Flails
  6425 | D:8      | Reached XP level 10. HP: 60/60 MP: 11/11
  6688 | D:8      | Found a radiant altar of Vehumet.
  6714 | D:8      | Reached skill level 7 in Fighting
  6890 | D:8      | Found a shimmering altar of Xom.
  7359 | D:9      | Found a basalt altar of Yredelemnul.
  7360 | D:9      | You pick up a book of Conjurations {@e2} and begin
                  | reading...
  7360 | D:9      | You add the spells Magic Dart, Searing Ray and Fulminant
                  | Prism to your library.
  7929 | D:9      | Reached skill level 8 in Fighting
  8110 | D:10     | Entered Level 10 of the Dungeon
  8146 | D:10     | Reached skill level 14 in Maces & Flails
  8174 | D:10     | Reached XP level 11. HP: 68/69 MP: 12/12
  8179 | D:10     | Reached skill level 9 in Fighting
  8357 | D:10     | Found a staircase to the Lair.
  8357 | D:10     | Noticed a death yak
  8357 | D:10     | Noticed a death yak
  8377 | D:10     | Killed a death yak
  8378 | D:10     | Reached skill level 10 in Fighting
  8395 | D:10     | Noticed a two-headed ogre
  8422 | D:10     | Killed a two-headed ogre
  8423 | D:10     | Reached skill level 4 in Armour
  8423 | D:10     | Noticed a death yak
  8438 | D:10     | Killed a death yak
  8439 | D:10     | Reached skill level 5 in Armour
  8450 | D:10     | HP: 3/72 [death yak (18)]
  8452 | D:10     | Killed a death yak
  8453 | D:10     | Reached skill level 6 in Armour
  8629 | D:10     | Reached skill level 7 in Armour
  8830 | D:10     | HP: 17/72 [meliai/+0 hand axe (2)]
  8836 | D:10     | HP: 7/72 [meliai/divine providence (17)]
  9094 | Lair:1   | Entered Level 1 of the Lair of Beasts
  9301 | Lair:1   | Found a transporter.
  9331 | Lair:1   | Found a transporter.
  9332 | Lair:1   | HP: 10/72 [komodo dragon simulacrum (11)]
  9333 | Lair:1   | Identified the amulet of Yqast {Reflect Will+ Str+6 Dex-5
                  | SH+5 SInv}
  9341 | Lair:1   | HP: 8/72 [water moccasin simulacrum (5)]
  9341 | Lair:1   | HP: 2/72 [water moccasin simulacrum (6)]
  9351 | Lair:1   | HP: 18/72 [steam dragon (6)]
  9354 | Lair:1   | Reached skill level 8 in Armour
  9543 | Lair:1   | Reached skill level 1 in Dodging
  9579 | Lair:1   | Reached skill level 2 in Dodging
  9594 | Lair:1   | Reached skill level 3 in Dodging
  9917 | Lair:1   | Gained mutation: You are strong-willed. (Will+) [potion of
                  | mutation]
 10007 | Lair:1   | Reached skill level 4 in Dodging
 10029 | Lair:1   | Reached XP level 12. HP: 77/77 MP: 13/13
 10367 | Lair:1   | Reached skill level 5 in Dodging
 10849 | Lair:2   | Reached skill level 6 in Dodging
 11015 | Lair:2   | You pick up a book of Spectacle and begin reading...
 11015 | Lair:2   | You add the spells Dazzling Flash, Iskenderun's Mystic
                  | Blast and Starburst to your library.
 11105 | Lair:2   | Noticed Erica
 11120 | Lair:2   | Killed Erica
 11139 | Lair:2   | Noticed a boulder beetle
 11160 | Lair:2   | Reached skill level 7 in Dodging
 11166 | Lair:2   | Killed a boulder beetle
 11220 | Lair:2   | Found a hole to the Spider Nest.
 11462 | Lair:2   | Reached skill level 8 in Dodging
 11990 | Lair:3   | You add the spells Slow, Summon Mana Viper and Blade Hands
                  | to your library.
 11990 | Lair:3   | Got the Directory of the Baleful Figure
 12030 | Lair:3   | Noticed a boulder beetle
 12057 | Lair:3   | Killed a boulder beetle
 12058 | Lair:3   | Reached skill level 9 in Armour
 12245 | Lair:3   | Noticed a catoblepas
 12259 | Lair:3   | Killed a catoblepas
 12332 | Lair:3   | You fall into a shaft and drop 1 floor!
 12361 | Lair:4   | Reached skill level 9 in Dodging
 12370 | Lair:4   | Reached XP level 13. HP: 73/82 MP: 14/14
 12674 | Lair:4   | Reached skill level 10 in Dodging
 12758 | Lair:4   | Found the +8 whip "Snakebite" {venom, curare, rPois}
 12924 | Lair:4   | Found a viscous altar of Jiyva.
 12925 | Lair:4   | Found a staircase to the Slime Pits.
 12961 | Lair:3   | Reached skill level 10 in Armour
 12993 | Lair:3   | You pick up a book of Spatial Translocations and begin
                  | reading...
 12993 | Lair:3   | You add the spells Momentum Strike and Lesser Beckoning to
                  | your library.
 13389 | Lair:3   | Found a staircase to the Swamp.
 13701 | Lair:4   | You pick up a book of the Warp and begin reading...
 13701 | Lair:4   | You add the spells Dispersal and Disjunction to your
                  | library.
 13823 | Lair:4   | Reached skill level 1 in Earth Magic
 13838 | Lair:4   | Learned a level 3 spell: Stone Arrow
 13840 | Lair:4   | Learned a level 1 spell: Apportation
 14145 | Lair:5   | Entered Level 5 of the Lair of Beasts
 14190 | Lair:5   | Reached skill level 2 in Earth Magic
 14192 | Lair:5   | Reached skill level 1 in Conjurations
 14213 | Lair:5   | Reached skill level 2 in Spellcasting
 14263 | Lair:5   | Reached skill level 2 in Conjurations
 14263 | Lair:5   | Reached skill level 3 in Earth Magic
 14288 | Lair:5   | Reached skill level 3 in Spellcasting
 14300 | Lair:5   | Reached skill level 3 in Conjurations
 14315 | Lair:5   | Reached skill level 4 in Earth Magic
 14398 | Lair:5   | Found an ornate altar of the Wu Jian Council.
 14423 | Lair:5   | Found a dark tunnel.
 14455 | Volcano  | Entered a volcano
 14486 | Volcano  | Reached skill level 4 in Conjurations
 14495 | Volcano  | Reached skill level 4 in Spellcasting
 14495 | Volcano  | Reached skill level 5 in Earth Magic
 14495 | Volcano  | Gained mutation: Your large and strong wings let you fly.
                  | [Gargoyle growth]
 14495 | Volcano  | Reached XP level 14. HP: 40/88 MP: 18/20
 14687 | Volcano  | You pick up a book of Winter and begin reading...
 14687 | Volcano  | You add the spells Ozocubu's Armour, Metabolic Englaciation
                  | and Simulacrum to your library.
 14860 | Lair:5   | Reached skill level 5 in Conjurations
 14927 | Lair:5   | Reached skill level 6 in Earth Magic
 14997 | Lair:5   | Identified the +3 ring mail of Negligence {rPois rF++
                  | Int+3}
 15120 | Lair:5   | Reached skill level 5 in Spellcasting
 15389 | Lair:5   | Gained mutation: You are occasionally teleported next to
                  | monsters. [a shining eye]
 15420 | Lair:5   | Reached skill level 6 in Conjurations
 15437 | Lair:5   | Lost mutation: You are strong-willed. (Will+) [potion of
                  | mutation]
 15437 | Lair:5   | Lost mutation: You are occasionally teleported next to
                  | monsters. [potion of mutation]
 15437 | Lair:5   | Gained mutation: You are clumsy. (Dex -2) [potion of
                  | mutation]
 15532 | Lair:5   | Reached skill level 7 in Earth Magic
 15957 | Lair:5   | Found a corrupted altar of Lugonu.
 15957 | Lair:5   | Found a one-way gate to the infinite horrors of the Abyss.
 16061 | Lair:5   | Reached skill level 6 in Spellcasting
 16606 | Lair:5   | Reached skill level 7 in Conjurations
 16639 | Lair:5   | Reached skill level 8 in Earth Magic
 17516 | D:10     | Found a staircase to the Orcish Mines.
 17713 | D:10     | HP: 22/88 [yaktaur captain/bolt (14)]
 18103 | Orc:1    | Entered Level 1 of the Orcish Mines
 18169 | Orc:2    | Entered Level 2 of the Orcish Mines
 18181 | Orc:2    | Found a runed translucent gate.
 18181 | Orc:2    | Found a runed translucent gate.
 18181 | Orc:2    | Found a runed translucent gate.
 18193 | Orc:2    | Noticed Voxish's ghost (journeyman TeSu)
 18471 | Orc:2    | Found Xecwyl's Gadget Gallery.
 18476 | Orc:2    | Found a staircase to the Elven Halls.
 18484 | Orc:2    | Found Karr's General Store.
 18514 | Orc:2    | Bought a potion of mutation for 80 gold pieces
 18601 | Orc:1    | Noticed an orc warlord
 18601 | Orc:1    | Noticed an orc warlord
 18883 | Orc:2    | Reached skill level 11 in Fighting
 18883 | Orc:2    | Reached XP level 15. HP: 73/94 MP: 25/25
 19195 | Orc:2    | Found Viest's Antique Armour Shop.
 19195 | Orc:2    | Found Zuwe's Distillery.
 19195 | Orc:2    | Found Ogics's Antique Weapon Boutique.
 19199 | Orc:2    | Found Jus Tothapp's Antique Weapon Shop.
 19213 | Orc:2    | Bought a transparent ring mail for 306 gold pieces
 19213 | Orc:2    | Identified the +1 ring mail "Riskekk" {+Inv rElec rF-
                  | Will+} (You bought it in a shop on level 2 of the Orcish
                  | Mines)
 19223 | Orc:2    | Bought a fine war axe for 289 gold pieces
 19223 | Orc:2    | Identified the +7 war axe of Outrage {vorpal, +Blink rPois
                  | rN+ Int-3} (You bought it in a shop on level 2 of the
                  | Orcish Mines)
 19226 | Orc:2    | Bought a faintly glowing flail for 212 gold pieces
 19226 | Orc:2    | Identified the +5 flail of Grace {holy, *Noise rC+ Int+3}
                  | (You bought it in a shop on level 2 of the Orcish Mines)
 19243 | Orc:2    | Bought a runed broad axe for 175 gold pieces
 19730 | Orc:2    | Killed an orc warlord
 19731 | Orc:2    | Reached skill level 1 in Axes
 19794 | Orc:1    | Reached skill level 2 in Axes
 19853 | Orc:2    | Killed an orc warlord
 19854 | Orc:2    | Reached skill level 3 in Axes
 20534 | D:11     | Reached skill level 4 in Axes
 20555 | D:11     | Found a frozen archway.
 20568 | IceCv    | Entered an ice cave
 20927 | IceCv    | Reached skill level 5 in Axes
 21285 | IceCv    | You add the spells Ice Form and Polar Vortex to your
                  | library.
 21285 | IceCv    | Got Ruirgh's Secrets of Cold
 21288 | IceCv    | You pick up a book of Death and begin reading...
 21288 | IceCv    | You add the spells Animate Dead, Haunt and Infestation to
                  | your library.
 21291 | IceCv    | You pick up a book of Conjurations {@e2} and begin
                  | reading...
 21420 | D:11     | Reached skill level 6 in Axes
 21462 | D:11     | Identified the ring of Cic Qosk {Wiz rElec rF+ MP+9 Str+4}
 21471 | D:11     | Learned a level 4 spell: Animate Dead
 21592 | D:11     | Reached skill level 1 in Necromancy
 21687 | D:11     | Reached skill level 2 in Necromancy
 22037 | D:11     | Reached skill level 3 in Necromancy
 22074 | D:11     | Reached skill level 4 in Necromancy
 22118 | D:11     | HP: 22/95 [ice dragon (3)]
 22121 | D:11     | HP: 4/95 [ice dragon/blast of cold (19)]
 22128 | D:11     | Reached skill level 1 in Shields
 22334 | D:11     | Reached skill level 2 in Shields
 22530 | D:12     | You add the spells Summon Forest, Eringya's Noxious Bog and
                  | Summon Hydra to your library.
 22618 | D:12     | Reached skill level 3 in Shields
 22645 | D:12     | Reached skill level 4 in Shields
 22785 | D:12     | Reached skill level 5 in Shields
 23346 | D:13     | Reached skill level 5 in Necromancy
 23435 | D:13     | Noticed Kirke
 23456 | D:13     | Killed Kirke
 23466 | D:13     | Reached XP level 16. HP: 80/100 MP: 26/26
 23489 | D:13     | Reached skill level 6 in Necromancy
 23638 | D:13     | Found a gate to the Vaults.
 24534 | D:14     | Reached skill level 7 in Necromancy
 24861 | D:14     | Identified a scroll of acquirement
 24862 | D:14     | Acquired the ring "Ypuruu" {rElec rN+ Slay+4}
 25409 | D:15     | Entered Level 15 of the Dungeon
 25445 | D:15     | Reached skill level 8 in Necromancy
 25453 | D:15     | Reached skill level 8 in Conjurations
 25456 | D:15     | Found a staircase to the Depths.
 25463 | D:15     | Reached skill level 7 in Spellcasting
 25463 | D:15     | Reached skill level 9 in Earth Magic
 25677 | D:15     | Identified the ring "Sicso" {Ice Str+8}
 25947 | D:15     | Reached skill level 12 in Fighting
 26300 | D:15     | You pick up a book of the Warp and begin reading...
 27131 | Swamp:1  | Entered Level 1 of the Swamp
 27145 | Swamp:1  | Reached skill level 13 in Fighting
 28220 | Swamp:2  | Reached skill level 14 in Fighting
 28565 | Swamp:2  | You pick up a book of Maledictions and begin reading...
 28565 | Swamp:2  | You add the spells Anguish and Enfeeble to your library.
 28614 | Swamp:2  | Reached skill level 7 in Axes
 28846 | Swamp:2  | Identified the +1 hand axe of Zin's Supremacy {vorpal,
                  | Will+ Str+2}
 29268 | Swamp:3  | Reached XP level 17. HP: 96/111 MP: 27/27
 29427 | Swamp:3  | Reached skill level 8 in Axes
 30123 | Swamp:4  | Entered Level 4 of the Swamp
 30241 | Swamp:4  | Reached skill level 9 in Axes
 30571 | Swamp:4  | Reached skill level 10 in Axes
 30667 | Swamp:4  | Noticed Louise
 31063 | Swamp:4  | Noticed Nikola
 31103 | Swamp:4  | HP: 14/111 [Nikola/arc of chain lightning (74)]
 31106 | Swamp:4  | Killed Nikola
 31347 | Swamp:4  | Killed Louise
 31353 | Swamp:4  | Reached skill level 11 in Axes
 31550 | Swamp:4  | Noticed Mara
 31567 | Swamp:4  | Noticed MackTheKnife's illusion
 31576 | Swamp:4  | Killed Mara
 31707 | Swamp:4  | You pick up a book of Blasting and begin reading...
 31707 | Swamp:4  | You add the spells Kindle Blastsparks and Lee's Rapid
                  | Deconstruction to your library.
 31714 | Swamp:4  | Learned a level 5 spell: Lee's Rapid Deconstruction
 31754 | Swamp:4  | Got a decaying rune of Zot
 32255 | Spider:1 | Entered Level 1 of the Spider Nest
 32384 | Spider:1 | Noticed Asterion
 32420 | Spider:1 | Killed Asterion
 32421 | Spider:1 | Reached skill level 12 in Axes
 33294 | Spider:1 | Reached skill level 13 in Axes
 33667 | Spider:1 | Reached XP level 18. HP: 116/116 MP: 28/28
 34297 | Spider:2 | Reached skill level 14 in Axes
 34736 | Spider:2 | You pick up a book of Decay and begin reading...
 34736 | Spider:2 | You add the spells Dispel Undead and Death Channel to your
                  | library.
 34917 | Spider:2 | You pick up a book of Touch and begin reading...
 34917 | Spider:2 | You add the spells Kiss of Death and Confusing Touch to
                  | your library.
 35816 | Spider:3 | Noticed Arachne
 35826 | Spider:3 | Killed Arachne
 35983 | Spider:2 | Reached skill level 15 in Axes
 36224 | Spider:3 | Identified the +2 plate armour of the Planets {Str+3 Dex+5}
 36779 | Spider:4 | Entered Level 4 of the Spider Nest
 37422 | Spider:4 | Reached skill level 16 in Axes
 37587 | Spider:4 | Reached skill level 11 in Armour
 37647 | Spider:4 | Reached XP level 19. HP: 107/122 MP: 0/29
 37700 | Spider:4 | Got a gossamer rune of Zot
 38014 | Vaults:1 | Entered Level 1 of the Vaults
 38277 | Vaults:1 | Reached skill level 15 in Fighting
 38327 | Vaults:1 | You pick up a book of Cantrips and begin reading...
 38457 | Vaults:1 | Reached skill level 12 in Armour
 38475 | Vaults:1 | Identified the +4 ring mail of Wonder {rN+ MP+9 Int+3}
 38770 | Vaults:1 | Found a crumbling gateway.
 38784 | Desolati | Entered the Desolation of Salt
 38885 | Desolati | Reached skill level 16 in Fighting
 38887 | Desolati | Reached skill level 13 in Armour
 39197 | Desolati | You add the spells Vhi's Electric Charge, Summon Lightning
                  | Spire and Irradiate to your library.
 39197 | Desolati | Got Emoklam's Spellbook of Sculpting and Clouds
 39199 | Desolati | Got the Secrets of Lightning
 39204 | Desolati | Identified the +3 robe of the Dancing Gods {rPois Slay+4}
 39216 | Desolati | Found the +2 hat of the Bear Spirit {Spirit, *Rage Will++}
 39516 | Desolati | Identified the +11 flail "Qekk" {antimagic, Fragile Fly
                  | rElec rPois}
 39698 | Desolati | Found the +9 staff of Olgreb {rPois∞}
 39699 | Desolati | Identified the ring "Nakiut" {rC+ Int+2}
 39705 | Desolati | Z - a +2 executioner's axe of freezing {axerare=g}
 39836 | Vaults:1 | Found Keuli's Book Boutique.
 39894 | Vaults:1 | Reached skill level 17 in Fighting
 39969 | Vaults:1 | Bought a manual of Armour for 1680 gold pieces
 40004 | Vaults:1 | Reached skill level 14 in Armour
 40028 | Vaults:1 | Reached XP level 20. HP: 134/134 MP: 30/30
 40198 | Vaults:1 | Noticed a Brimstone Fiend
 40225 | Vaults:1 | Found Miedekat's Magic Scroll Shoppe.
 40303 | Vaults:1 | Reached skill level 15 in Armour
 40371 | Vaults:1 | Bought a scroll of enchant weapon for 112 gold pieces
 40372 | Vaults:1 | Bought a scroll of fear for 60 gold pieces
 41138 | Vaults:1 | Reached skill level 16 in Armour
 41616 | Vaults:2 | Reached skill level 17 in Armour
 41952 | Vaults:2 | You pick up a book of Party Tricks and begin reading...
 41996 | Vaults:2 | Found Aruraepp's Assorted Antiques.
 42178 | Vaults:2 | Reached skill level 18 in Armour
 42308 | Vaults:2 | Reached skill level 19 in Armour
 42324 | Vaults:2 | Identified the +6 mace of the Curious Seers {flame, *Slow
                  | rPois Str+2 Int+6}
 42667 | Vaults:2 | Noticed Boris
 42695 | Vaults:2 | Killed Boris
 43062 | Vaults:3 | Reached skill level 20 in Armour
 43087 | Vaults:3 | Found a staircase to the Crypt.
 43738 | Vaults:3 | Noticed Aizul
 43748 | Vaults:3 | Killed Aizul
 44090 | Vaults:3 | Found the +10 zealot's sword {holy, *Rage rN+ EV+3}
 44250 | Vaults:3 | Reached skill level 21 in Armour
 44421 | Vaults:3 | Found Hazylimi's Jewellery Emporium.
 44792 | Vaults:4 | Reached XP level 21. HP: 139/139 MP: 31/31
 44792 | Vaults:4 | Found Nakym's Jewellery Shop.
 45173 | Vaults:4 | Reached skill level 22 in Armour
 45234 | Vaults:4 | Got Weram's Quarto of Calling and Displacement
 45398 | Vaults:4 | Identified the +3 ring mail "Pidacall" {Will+}
 45899 | Vaults:4 | Identified the +1 pair of gloves of Deul {rPois Regen+}
 46520 | Elf:1    | Entered Level 1 of the Elven Halls
 46525 | Elf:1    | Paralysed by an air elemental for 1 turns
 46529 | Elf:1    | Paralysed by an air elemental for 1 turns
 46535 | Elf:1    | Reached skill level 6 in Shields
 46581 | Elf:1    | Reached skill level 7 in Shields
 47241 | Elf:1    | Reached skill level 8 in Shields
 47304 | Elf:1    | Reached skill level 1 in Evocations
 47388 | Elf:1    | Reached skill level 2 in Evocations
 47532 | Elf:1    | Found Botach's Jewellery Shop.
 47533 | Elf:1    | Found Jefir's Book Shoppe.
 47535 | Elf:1    | Found Awky's Jewellery Shop.
 47722 | Elf:1    | Reached skill level 3 in Evocations
 47756 | Elf:1    | Reached skill level 4 in Evocations
 48053 | Elf:2    | Reached skill level 5 in Evocations
 48316 | Elf:2    | Reached skill level 6 in Evocations
 48478 | Elf:2    | Found a runed translucent gate.
 48478 | Elf:2    | Found a runed translucent gate.
 48486 | Elf:2    | Found a runed translucent gate.
 48624 | Elf:2    | Found a portal to a secret trove of treasure.
 48774 | Elf:2    | This trove needs 4 scrolls of fear to function. Give it the
                  | items?
 49114 | Vaults:1 | Bought a scroll of fear for 60 gold pieces
 49402 | Elf:2    | This trove needs 4 scrolls of fear to function. Give it the
                  | items?
 49402 | Elf:2    | You paid a toll of 4 scrolls of fear to enter a treasure
                  | trove
 49403 | Trove    | Entered a treasure trove
 49410 | Trove    | Identified the +2 helmet of the Dungeon {rPois Dex+5}
 49414 | Trove    | Identified the ring of Gaud {AC+4 Int+7}
 49419 | Trove    | Identified the +5 broad axe of the Seer {flame, rN+++ Will-
                  | Str+2 Dex-5}
 49439 | Trove    | Identified the +0 rapier of Xigom {flame, Dex+5}
 49445 | Trove    | Identified the +5 dagger of Piagh {speed, +Blink rPois
                  | Str+3 Int+4}
 49584 | Elf:3    | Entered Level 3 of the Elven Halls
 49805 | Elf:3    | Found the ring of Shadows {Umbra +Inv Stlth+}
 49836 | Elf:3    | Paralysed by an air elemental for 1 turns
 49840 | Elf:3    | Paralysed by an air elemental for 1 turns
 50315 | Elf:3    | Reached XP level 22. HP: 142/144 MP: 26/33
 50641 | Elf:3    | a deep elf sorcerer comes into view. It is wielding the +5
                  | glaive of the Guard {elec, spectral, AC+5}.
 50843 | Elf:3    | Reached skill level 8 in Spellcasting
 51019 | Elf:3    | Reached skill level 9 in Necromancy
 51036 | Elf:3    | a deep elf death mage comes into view. It is wielding the
                  | +7 great mace "Firestarter" {inner flame, rF++} and wearing
                  | a +2 robe of willpower.
 51205 | Elf:3    | You pick up a book of Frost and begin reading...
 51205 | Elf:3    | You add the spells Freeze, Frozen Ramparts and Hailstorm to
                  | your library.
 51243 | Elf:3    | Identified the ring "Ykashac" {Will+ Str-2 Int+5 Slay+6
                  | Stlth-}
 51303 | Elf:3    | You add the spells Summon Guardian Golem and Call Canine
                  | Familiar to your library.
 51303 | Elf:3    | Got the Verses on the Supportive Inferno
 51305 | Elf:3    | You pick up a book of Alchemy and begin reading...
 51307 | Elf:3    | You pick up a book of Power and begin reading...
 51307 | Elf:3    | You add the spells Iskenderun's Battlesphere, Iron Shot and
                  | Spellforged Servitor to your library.
 51309 | Elf:3    | Got the Anthology of Direction and the Coals
 51313 | Elf:3    | Identified the +9 hand axe of the King {elec, rPois Str+3}
 51317 | Elf:3    | You add the spells Shock, Foxfire, Summon Ice Beast and
                  | Conjure Ball Lightning to your library.
 51317 | Elf:3    | Got the Treatise on Creation and Blasts
 51325 | Elf:3    | Learned a level 6 spell: Iron Shot
 51330 | Elf:3    | Identified the +10 mace of Dusia {vorpal, rF+ rCorr}
 51333 | Elf:3    | You pick up a book of Conjurations {@e2} and begin
                  | reading...
 51717 | Depths:1 | Entered Level 1 of the Depths
 51734 | Depths:1 | Noticed Bai Suzhen
 51916 | D:15     | Killed Bai Suzhen
 51917 | D:15     | Reached skill level 9 in Conjurations
 51917 | D:15     | Reached skill level 10 in Earth Magic
 52296 | Depths:1 | Reached skill level 10 in Conjurations
 52296 | Depths:1 | Reached skill level 11 in Earth Magic
 52296 | Depths:1 | Found the +3 pair of mountain boots {steadfast, rC+}
 52405 | Depths:1 | You drop a +2 executioner's axe of freezing {axerare=g}.
 52467 | Depths:1 | Z - a +2 executioner's axe of freezing {axerare=g}
 52511 | Depths:1 | Found a gateway to Hell.
 52671 | Depths:1 | Found a stormy altar of Qazlal.
 52953 | Depths:2 | Gained mutation: You occasionally lose the ability to read
                  | scrolls when taking damage. [a neqoxec]
 52957 | Depths:2 | Found a one-way gate leading to the halls of Pandemonium.
 52957 | Depths:2 | Gained mutation: Your magical capacity is low. (-10% MP) [a
                  | neqoxec]
 52958 | Depths:2 | Gained mutation: You sometimes lose your temper in combat.
                  | [a neqoxec]
 52967 | Depths:2 | Gained mutation: You sometimes lose the ability to read
                  | scrolls when taking damage. [a neqoxec]
 53008 | Depths:2 | Lost mutation: Your magical capacity is low. (-10% MP)
                  | [potion of mutation]
 53008 | Depths:2 | Lost mutation: You sometimes lose your temper in combat.
                  | [potion of mutation]
 53008 | Depths:2 | Gained mutation: You have sharp fingernails. [potion of
                  | mutation]
 53008 | Depths:2 | Gained mutation: You have an increased reservoir of magic.
                  | (+10% MP) [potion of mutation]
 53009 | Depths:2 | Lost mutation: You have an increased reservoir of magic.
                  | (+10% MP) [potion of mutation]
 53009 | Depths:2 | Lost mutation: You sometimes lose the ability to read
                  | scrolls when taking damage. [potion of mutation]
 53009 | Depths:2 | Gained mutation: You are dopey. (Int -2) [potion of
                  | mutation]
 53009 | Depths:2 | Gained mutation: You have an increased reservoir of magic.
                  | (+10% MP) [potion of mutation]
 53010 | Depths:2 | Lost mutation: You occasionally lose the ability to read
                  | scrolls when taking damage. [potion of mutation]
 53010 | Depths:2 | Lost mutation: You are clumsy. (Dex -2) [potion of
                  | mutation]
 53010 | Depths:2 | Lost mutation: You are dopey. (Int -2) [potion of mutation]
 53010 | Depths:2 | Gained mutation: You have sharp toenails. [potion of
                  | mutation]
 53010 | Depths:2 | Gained mutation: Your muscles are strong. (Str +4, Int/Dex
                  | -1) [potion of mutation]
 53142 | Depths:2 | Reached skill level 12 in Earth Magic
 53152 | Depths:2 | Reached skill level 11 in Conjurations
 53164 | Depths:2 | Found a one-way gateway to a ziggurat.
 53604 | Depths:2 | Reached XP level 23. HP: 147/149 MP: 39/39
 53705 | Depths:2 | Reached skill level 13 in Earth Magic
 53750 | Depths:2 | Reached skill level 12 in Conjurations
 54463 | Depths:3 | +0 storm dragon scales {rare}; a storm dragon corpse
 54614 | Depths:3 | Noticed a golden dragon
 54619 | Depths:3 | Noticed a golden dragon
 54628 | Depths:3 | Killed a golden dragon
 54628 | Depths:3 | Identified +0 gold dragon scales
 54640 | Depths:3 | Killed a golden dragon
 54641 | Depths:3 | Reached skill level 14 in Earth Magic
 54642 | Depths:3 | m - +0 gold dragon scales {rare}
 54654 | Depths:3 | You pick up a book of the Senses and begin reading...
 54654 | Depths:3 | You add the spells Agony and Silence to your library.
 54660 | Depths:3 | Identified the +5 lajatang "Trog's Scorn" {holy, rElec
                  | Will- Dex+3}
 54660 | Depths:3 | Identified the ring "Yjieczah" {rPois rCorr Str+6 Dex+2}
 54717 | Depths:3 | Reached skill level 13 in Conjurations
 54725 | Depths:3 | Noticed a golden dragon
 54741 | Depths:3 | Killed a golden dragon
 54781 | Depths:3 | You drop +0 gold dragon scales {rare}.
 54830 | Depths:3 | Noticed a caustic shrike
 54844 | Depths:3 | Killed a caustic shrike
 54937 | Depths:3 | You pick up a book of Dangerous Friends and begin
                  | reading...
 54947 | Depths:3 | Learned a level 7 spell: Orb of Destruction
 55092 | Depths:3 | Noticed a golden dragon
 55120 | Depths:3 | Killed a golden dragon
 55121 | Depths:3 | Reached skill level 9 in Spellcasting
 55314 | Depths:3 | Identified the +10 long sword "Axeff" {speed, +Blink rCorr
                  | Stlth+}
 55625 | Depths:3 | Reached skill level 10 in Spellcasting
 55782 | Depths:3 | Identified the +4 dagger of Debt {vorpal, Str-3 Dex+7}
 55811 | Depths:3 | magus.rc [v1.9.6]
 55823 | Depths:4 | Entered Level 4 of the Depths
 55827 | Depths:4 | Noticed a juggernaut
 55846 | Depths:4 | Killed a juggernaut
 55857 | Depths:4 | Reached skill level 11 in Spellcasting
 55966 | Depths:4 | Noticed a golden dragon
 55982 | Depths:4 | Killed a golden dragon
 55983 | Depths:4 | Reached skill level 12 in Spellcasting
 56005 | Depths:4 | Reached XP level 24. HP: 146/156 MP: 11/43
 56018 | Depths:4 | Noticed Saint Roka
 56039 | Depths:4 | Killed Saint Roka
 56170 | Depths:4 | You drop a +2 executioner's axe of freezing {axerare=g}.
 56171 | Depths:4 | Z - a +2 executioner's axe of freezing {axerare=g}
 56184 | Depths:4 | You pick up a book of Annihilations and begin reading...
 56184 | Depths:4 | You add the spells Chain Lightning, Fire Storm and Shatter
                  | to your library.
 56202 | Depths:4 | Found Igemowno's Distillery.
 56210 | Depths:4 | Bought a potion of heal wounds for 90 gold pieces
 56210 | Depths:4 | Bought a potion of haste for 180 gold pieces
 56293 | Depths:4 | Noticed a juggernaut
 56294 | Depths:4 | Noticed Hom Cuaz's ghost (master HuEE)
 56295 | Depths:4 | Noticed a dread lich
 56312 | Depths:4 | Found Baonu's General Store.
 56357 | Depths:4 | Bought a scroll of magic mapping for 120 gold pieces
 56584 | Depths:4 | Found a corrupted altar of Lugonu.
 56659 | Depths:4 | Found a runed translucent door.
 56669 | Depths:4 | Found a runed translucent door.
 56715 | Depths:4 | Found a gate to the Realm of Zot.
 56789 | Depths:4 | Found Pynokoz's Weapon Shop.
 57231 | Vaults:5 | Entered Level 5 of the Vaults
 57269 | Vaults:5 | Noticed Mennas
 57272 | Vaults:5 | Reached skill level 13 in Spellcasting
 57331 | Vaults:5 | Reached skill level 14 in Spellcasting
 57343 | Vaults:5 | Acquired the +8 plate armour "Sonoytug" {Dex+3}
 57368 | Vaults:5 | Got a silver rune of Zot
 57522 | Vaults:5 | quicksilver dragon scales {rare}; a quicksilver dragon
                  | corpse
 57567 | Vaults:5 | m - quicksilver dragon scales {rare}
 57569 | Vaults:5 | You drop quicksilver dragon scales {rare}.
 57605 | Vaults:5 | Identified the +5 mace "Imitire" {vorpal, rF+ rCorr}
 57610 | Vaults:5 | Got Egeuwk's Vellum of the Inconstant Blaze
 57980 | Zot:1    | Entered Level 1 of the Realm of Zot
 58229 | Crypt:1  | Entered Level 1 of the Crypt
 58323 | Crypt:1  | Reached skill level 18 in Fighting
 58883 | Crypt:1  | Reached skill level 19 in Fighting
 59113 | Crypt:1  | Identified the ring of Tiluon {Ice Contam Fly rN++ MP+9}
 59113 | Crypt:1  | Noticed Josephina
 59144 | Crypt:1  | HP: 40/162 [Josephina/staff of cold (9)]
 59149 | Crypt:1  | Killed Josephina
 59369 | Crypt:1  | You pick up a book of the Dragon and begin reading...
 59369 | Crypt:1  | You add the spells Cause Fear, Dragon Form and Dragon's
                  | Call to your library.
 59562 | Crypt:1  | Found a basalt altar of Yredelemnul.
 59571 | Crypt:1  | a vampire mage comes into view. It is wielding the +7
                  | sceptre of Torment {pain, torment}.
 59596 | Crypt:1  | Reached skill level 20 in Fighting
 59626 | Crypt:1  | Found the +15 Maxwell's patent armour {-Cast -Tele rElec
                  | Will+ rCorr}
 59693 | Crypt:1  | You drop a +2 executioner's axe of freezing {axerare=g}.
 59696 | Crypt:1  | Z - a +2 executioner's axe of freezing {axerare=g}
 59697 | Crypt:1  | You drop a +2 executioner's axe of freezing {axerare=g}.
 59784 | Crypt:2  | Reached XP level 25. HP: 168/168 MP: 45/45
 60490 | Crypt:2  | magus.rc [v1.9.6]
 60539 | Crypt:3  | Entered Level 3 of the Crypt
 60824 | Crypt:3  | Reached skill level 21 in Fighting
 61216 | Crypt:3  | Identified the +8 scale mail "Teifol" {Dex+3}
 61476 | Crypt:3  | Noticed an ancient lich
 61486 | Crypt:3  | Killed an ancient lich
 61610 | Crypt:3  | Found an ancient bone altar of Kikubaaqudgha.
 61651 | Crypt:3  | Identified the ring "Ateutz" {rN+ Dex-4 Slay+5}
 61651 | Crypt:3  | Identified the ring "Xeraunux" {rN+ Str+4 Int+5}
 61651 | Crypt:3  | Identified the ring of Umnikhik {+Blink rC+ rN+}
 61723 | Crypt:3  | Found a staircase to the Tomb.
 61803 | Crypt:3  | Reached skill level 22 in Fighting
 62041 | Crypt:3  | You pick up a book of the Tundra and begin reading...
 62559 | Zot:1    | Noticed a curse toe
 62577 | Zot:1    | Killed a curse toe
 62626 | Zot:1    | +0 storm dragon scales {rare}; a ghost moth corpse; a storm
                  | dragon corpse
 62717 | Zot:1    | You pick up a book of Misfortune and begin reading...
 63269 | Zot:2    | Noticed a Killer Klown
 63290 | Zot:2    | Killed a Killer Klown
 63291 | Zot:2    | Reached skill level 23 in Fighting
 63628 | Zot:3    | Reached skill level 24 in Fighting
 64058 | Zot:4    | Reached XP level 26. HP: 170/184 MP: 21/45
 64084 | Zot:5    | Entered Level 5 of the Realm of Zot
 64211 | Zot:5    | Identified +0 gold dragon scales
 64214 | Zot:5    | +0 gold dragon scales {rare}; a golden dragon corpse
 64354 | Zot:5    | Z - +0 gold dragon scales {rare}
 64643 | Zot:5    | Reached skill level 25 in Fighting
 64894 | Zot:5    | Noticed an orb of fire
 64899 | Zot:5    | Noticed a dread lich
 64906 | Zot:5    | Gained mutation: You have hidden genetic defects. [an orb
                  | of fire]
 64910 | Zot:5    | Gained mutation: Your spells are a little easier to cast,
                  | but a little less powerful. [an orb of fire]
 64911 | Zot:5    | Gained mutation: You are vulnerable to cold. (rC-) [an orb
                  | of fire]
 64922 | Zot:5    | Gained mutation: You sometimes lose your temper in combat.
                  | [an orb of fire]
 64923 | Zot:5    | Killed an orb of fire
 64931 | Zot:5    | Killed a dread lich
 64932 | Zot:5    | Noticed an orb of fire
 64951 | Zot:5    | Noticed an orb of fire
 64962 | Zot:5    | Noticed an orb of fire
 64965 | Zot:5    | Reached skill level 26 in Fighting
 64967 | Zot:5    | Lost mutation: Your muscles are strong. (Str +4, Int/Dex
                  | -1) [an orb of fire]
 64974 | Zot:5    | Killed an orb of fire
 64976 | Zot:5    | Gained mutation: You are partially covered in iridescent
                  | scales. (AC +2) [an orb of fire]
 64979 | Zot:5    | HP: 47/190 [orb of fire/fireball (6)]
 65134 | Zot:5    | Gained mutation: Potions are less effective at restoring
                  | your health. [an orb of fire]
 65138 | Zot:5    | Gained mutation: Your body sometimes deteriorates upon
                  | taking damage. [an orb of fire]
 65143 | Zot:5    | Gained mutation: You occasionally lose the ability to read
                  | scrolls when taking damage. [an orb of fire]
 65144 | Zot:5    | Killed an orb of fire
 65149 | Zot:5    | Gained mutation: Armour fits poorly on your strangely
                  | shaped body. [an orb of fire]
 65150 | Zot:5    | Killed an orb of fire
 65168 | Zot:5    | Lost mutation: Your spells are a little easier to cast, but
                  | a little less powerful. [potion of mutation]
 65168 | Zot:5    | Lost mutation: You have an increased reservoir of magic.
                  | (+10% MP) [potion of mutation]
 65168 | Zot:5    | Lost mutation: You are vulnerable to cold. (rC-) [potion of
                  | mutation]
 65168 | Zot:5    | Lost mutation: Your body sometimes deteriorates upon taking
                  | damage. [potion of mutation]
 65169 | Zot:5    | Lost mutation: Armour fits poorly on your strangely shaped
                  | body. [potion of mutation]
 65169 | Zot:5    | Lost mutation: You sometimes lose your temper in combat.
                  | [potion of mutation]
 65169 | Zot:5    | Lost mutation: Potions are less effective at restoring your
                  | health. [potion of mutation]
 65169 | Zot:5    | Gained mutation: Your magical capacity is low. (-10% MP)
                  | [potion of mutation]
 65169 | Zot:5    | Gained mutation: You passively dampen the noise of your
                  | surroundings. [potion of mutation]
 65169 | Zot:5    | Gained mutation: You have a pair of small horns on your
                  | head. [potion of mutation]
 65172 | Zot:5    | Gained mutation: You are dopey. (Int -2) [hidden defects]
 65206 | Zot:5    | Noticed a Killer Klown
 65225 | Zot:5    | Killed a Killer Klown
 65234 | Zot:5    | Noticed an orb of fire
 65242 | Zot:5    | Gained mutation: You sometimes lose your temper in combat.
                  | [an orb of fire]
 65257 | Zot:5    | Gained mutation: Armour fits poorly on your strangely
                  | shaped body. [an orb of fire]
 65258 | Zot:5    | Noticed an electric golem
 65262 | Zot:5    | Killed an orb of fire
 65296 | Zot:5    | Killed an electric golem
 65379 | Zot:5    | Noticed an orb of fire
 65382 | Zot:5    | Gained mutation: Your magical capacity is very low. (-20%
                  | MP) [an orb of fire]
 65392 | Zot:5    | Gained mutation: You sometimes lose the ability to read
                  | scrolls when taking damage. [an orb of fire]
 65410 | Zot:5    | Gained mutation: You are weak. (Str -2) [an orb of fire]
 65416 | Zot:5    | Gained mutation: You are vulnerable to heat. (rF-) [an orb
                  | of fire]
 65417 | Zot:5    | Gained mutation: You are occasionally teleported next to
                  | monsters. [an orb of fire]
 65418 | Zot:5    | Killed an orb of fire
 65518 | Zot:5    | Noticed an orb of fire
 65518 | Zot:5    | Gained mutation: Your magical capacity is extremely low.
                  | (-30% MP) [an orb of fire]
 65536 | Zot:5    | Gained mutation: You are very weak. (Str -4) [an orb of
                  | fire]
 65537 | Zot:5    | Gained mutation: You are clumsy. (Dex -2) [an orb of fire]
 65544 | Zot:5    | Gained mutation: You are frail. (-10% HP) [an orb of fire]
 65545 | Zot:5    | Gained mutation: You occasionally lose the ability to drink
                  | potions when taking damage. [an orb of fire]
 65552 | Zot:5    | Gained mutation: Potions are less effective at restoring
                  | your health. [an orb of fire]
 65555 | Zot:5    | Killed an orb of fire
 65618 | Zot:5    | Reached skill level 27 in Fighting
 65653 | Zot:5    | Gained mutation: You have terrible hidden genetic defects.
                  | [hidden defects]
 65653 | Zot:5    | Lost mutation: You have terrible hidden genetic defects.
                  | [hidden defects expressed]
 65671 | Zot:5    | Noticed an orb of fire
 65672 | Zot:5    | Noticed an electric golem
 65673 | Zot:5    | Noticed a Killer Klown
 65676 | Zot:5    | Noticed an orb of fire
 65676 | Zot:5    | Lost mutation: You are clumsy. (Dex -2) [an orb of fire]
 65677 | Zot:5    | Noticed an ancient lich
 65678 | Zot:5    | Got the Orb of Zot
 65678 | Zot:5    | Gained mutation: You have an uncontrollable temper. [an orb
                  | of fire]
 65678 | Zot:5    | Noticed a curse toe
 65686 | Zot:5    | Noticed an orb of fire
 65694 | Zot:5    | Gained mutation: You are often teleported next to monsters.
                  | [an orb of fire]
 65694 | Zot:5    | HP: 35/173 [orb of fire/bolt of fire (13)]
 65696 | Zot:5    | Gained mutation: You occasionally shout uncontrollably at
                  | your foes. [an orb of fire]
 65698 | Zot:5    | HP: 12/173 [orb of fire/fireball (7)]
 65698 | Zot:5    | HP: 2/173 [orb of fire/fireball (10)]
 65699 | Zot:5    | Killed from afar by an orb of fire

Vanquished Creatures
  A dread lich (Zot:5)
  7 orbs of fire (Zot:5)
  An ancient lich (Crypt:3)
  A juggernaut (Depths:4)
  Boris (Vaults:2)
  Josephina (Crypt:1)
  2 Killer Klowns
  Bai Suzhen (D:15)
  A caustic shrike (Depths:3)
  A curse toe (Zot:1)
  Saint Roka (Depths:4)
  Nikola (Swamp:4)
  A profane servitor (Crypt:1)
  10 golden dragons
  2 bone dragons
  An electric golem (Zot:5)
  4 liches
  16 Orb Guardians (Zot:5)
  7 tentacled monstrosities
  2 deep elf blademasters (Elf:3)
  Asterion (Spider:1)
  A walking earthen tome (Depths:1)
  2 deep elf master archers (Elf:3)
  3 titans (Vaults:5)
  4 quicksilver dragons
  4 ancient champions (Crypt:1)
  2 sphinxes
  5 death cobs
  Kirke (D:13)
  A shadow dragon (Zot:4)
  2 tengu reavers
  11 storm dragons
  2 draconian monks (Zot:5)
  5 frost giants
  3 draconian knights
  3 iron dragons (Depths:3)
  2 draconian scorchers
  Louise (Swamp:4)
  3 deep elf sorcerers (Elf:3)
  4 imperial myrmidons (Desolation)
  2 juggernaut zombies (Crypt:3)
  11 vault wardens
  8 fire giants
  4 emperor scorpions
  8 ghost moths
  3 orc warlords
  3 draconian shifters
  6 ghouls
  3 broodmothers
  A balrug (Depths:3)
  Aizul (Vaults:3)
  15 ironbound preservers
  4 deep elf elementalists (Elf:3)
  5 war gargoyles
  3 draconian annihilators
  4 spriggan defenders (Depths:2)
  2 ironbound thunderhulks
  24 very ugly things
  8 stone giants
  A caustic shrike skeleton (Depths:2)
  7 green draconians
  9 black draconians
  4 deep elf demonologists
  7 eleionomae
  4 bunyips
  4 white draconians
  6 vampire knights
  A halazid warlock (Desolation)
  16 dire elephants
  13 red draconians
  A lorocyproca (Depths:2)
  5 purple draconians
  8 yellow draconians
  7 deep elf annihilators
  5 spark wasps
  12 jiangshi
  A merfolk javelineer (Depths:1)
  4 eidola (Crypt:2)
  7 fire dragons
  5 crystal guardians
  5 ettins
  5 deep elf death magi
  5 yaktaur captains
  6 ragged hierophants (Desolation)
  A hell beast (Depths:3)
  3 servants of whispers (Desolation)
  A fenstrider witch zombie (Crypt:1)
  2 deep elf high priests (Elf:3)
  6 great orbs of eyes
  4 spriggan air magi
  16 vault guards
  3 spriggan zombies
  2 catoblepae
  7 peacekeepers
  A caustic shrike simulacrum (Crypt:1)
  Erica (Lair:2)
  2 jorogumos
  2 ghost crabs
  6 ironbound frosthearts
  8 ice dragons
  An ogre mage (Vaults:5)
  20 hydras
  17 boulder beetles
  5 centaur warriors
  A rakshasa (Depths:2)
  3 alligators
  2 radroaches
  11 two-headed ogres
  4 death knights
  6 tengu warriors
  26 dancing weapons
  8 deep troll earth magi
  12 vampire magi
  A death scarab (Spider:1)
  22 slime creatures
  A death yak (shapeshifter) (D:15)
  5 deep troll shamans
  8 death yaks
  3 thrashing horrors (Lair:5)
  A titan zombie (Crypt:1)
  3 orc high priests
  7 spriggan berserkers
  2 soul eaters
  11 deep elf knights
  An emperor scorpion zombie (Crypt:2)
  19 hell knights
  3 pharaoh ants
  A titan skeleton (Crypt:1)
  5 iron trolls
  A shadow wraith (Crypt:2)
  A bunyip zombie (Crypt:1)
  A golden dragon zombie (Crypt:3)
  2 salamander mystics
  27 skeletal warriors
  2 swamp dragons (shapeshifter)
  2 deep trolls (shapeshifter)
  4 steelbarb worms
  9 swamp dragons
  6 orb spiders
  An elf simulacrum (Crypt:1)
  11 flayed ghosts
  3 sun moths
  4 goliath frogs
  7 spriggan druids
  36 deep trolls
  13 deep elf archers
  14 ironbound convokers
  10 bog bodies
  7 wizards
  3 glowing orange brains
  A shadow dragon zombie (D:15)
  7 phantasmal warriors
  20 wolf spiders
  A sphinx zombie (Vaults:3)
  A golden dragon skeleton (Crypt:3)
  A harpy (shapeshifter) (D:15)
  12 lindwurms
  16 deep elf pyromancers
  17 deep elf zephyrmancers
  5 harpies
  21 necromancers
  7 orc sorcerers
  3 orc knights
  2 wolf spider zombies
  A fire giant zombie (Depths:2)
  5 manticores
  2 jorogumo skeletons
  An eleionoma zombie (Crypt:1)
  3 cyclopes
  16 salamanders
  2 stone giant zombies
  A will-o-the-wisp (Swamp:2)
  A shadow dragon skeleton (Crypt:1)
  41 ugly things
  A human zombie (Crypt:1)
  2 frost giant zombies
  6 elephants (Lair:4)
  3 centaur zombies
  14 vault sentinels
  2 draconian skeletons
  A sphinx skeleton (Depths:2)
  A stone giant skeleton (Depths:1)
  11 black mambas
  17 moths of wrath
  An ice statue (IceCv)
  5 torpor snails
  2 frost giant skeletons
  4 gargoyles
  3 unseen horrors
  3 guardian serpents
  3 smoke demons (Lair:5)
  A red draconian zombie (Zot:5)
  8 cane toads
  A dire elephant skeleton (Crypt:1)
  5 freezing wraiths
  3 rime drakes
  A spark wasp simulacrum (Depths:1)
  A steelbarb worm zombie (Crypt:1)
  2 redback zombies (Spider:4)
  2 efreet
  4 demonic crawlers
  2 anaconda simulacra (IceCv)
  A human skeleton (Vaults:3)
  10 komodo dragons
  3 tengu conjurers
  An ancient zyme (Lair:5)
  13 yaktaurs
  6 tyrant leeches
  3 meliai (D:10)
  9 trolls
  A harpy zombie (Crypt:3)
  2 red devils (Depths:2)
  A hydra zombie (Crypt:1)
  23 hornets
  3 polar bears
  2 culicivora zombies (Spider:4)
  A wolf spider simulacrum (Lair:1)
  38 saltlings (Desolation)
  22 tarantellas
  15 blink frogs
  2 jumping spider zombies (Spider:4)
  27 jumping spiders
  A dream sheep (Lair:2)
  A meliai zombie (Crypt:1)
  A centaur simulacrum (Crypt:1)
  3 air elementals
  26 spriggans
  A black mamba zombie (Crypt:1)
  38 flying skulls
  4 shadows
  5 spriggan skeletons
  3 water elementals
  2 wyverns
  5 dire elephant simulacra
  An ettin skeleton (Vaults:3)
  A satyr skeleton (Crypt:1)
  21 culicivoras
  Eustachio (D:6)
  49 yaks
  3 vampires (D:11)
  9 wraiths
  2 hogs (D:13)
  11 small abominations (Lair:5)
  24 fire elementals
  7 basilisks
  A chaos spawn (Lair:5)
  38 redbacks
  2 steam dragons
  4 death yak simulacra (IceCv)
  3 large abominations (Lair:5)
  A naga zombie (Crypt:2)
  22 vampire mosquitoes
  15 swamp worms
  2 neqoxecs (Depths:2)
  A warg (shapeshifter) (Lair:5)
  A harpy simulacrum (Crypt:1)
  2 wargs
  A demonspawn zombie (Crypt:3)
  2 acid dragons (D:11)
  15 water moccasins
  Duvessa (D:6)
  A faun skeleton (Crypt:1)
  A demonspawn skeleton (Crypt:1)
  A glowing shapeshifter skeleton (Crypt:1)
  3 swamp drakes
  2 hydra simulacra
  6 ice beasts
  28 orc warriors
  3 sky beasts
  5 black bears
  An ettin simulacrum (Crypt:1)
  An ice dragon simulacrum (Crypt:1)
  3 wolves (Lair:2)
  A boggart (D:11)
  6 centaurs
  11 ogres
  A snapping turtle skeleton (Crypt:2)
  8 kobold brigands
  2 phantoms
  A rime drake skeleton (Crypt:2)
  5 necrophages
  9 bullfrogs
  A draconian zombie (Crypt:2)
  An earth elemental (Swamp:3)
  4 gnoll sergeants (D:10)
  2 scorpions
  5 two-headed ogre simulacra (IceCv)
  2 cane toad simulacra (IceCv)
  7 wights
  Dowan (D:6)
  A blink frog simulacrum (Lair:1)
  A swamp dragon simulacrum (Crypt:1)
  5 killer bees
  An elephant simulacrum (IceCv)
  3 electric eels
  4 howler monkeys
  2 bullfrog zombies (Crypt:2)
  A lava snake (Lair:4)
  A komodo dragon simulacrum (Lair:1)
  A water moccasin simulacrum (Lair:1)
  4 jellies
  27 orc priests
  A gnoll bouda (D:8)
  An iguana (D:5)
  Jessica (D:3)
  Ijyb (D:5)
  2 hell rats
  33 orc wizards
  5 spriggan simulacra
  A polar bear simulacrum (IceCv)
  8 troll simulacra (IceCv)
  3 wolf simulacra (IceCv)
  A howler monkey zombie (Crypt:1)
  Robin (D:3)
  13 gnolls
  3 naga simulacra (IceCv)
  15 adders
  3 river rats (D:10)
  8 white imps
  9 ufetubi
  A dart slug (D:1)
  69 orcs
  9 ball pythons
  5 bats
  5 endoplasms
  3 giant cockroaches
  14 goblins
  7 hobgoblins
  7 jackals (D:1)
  2 quokkas
  2 frilled lizards
  A goblin zombie (Crypt:2)
  27 kobolds
  9 rats
  A river rat skeleton (Crypt:2)
2076 creatures vanquished.

Vanquished Creatures (collateral kills)
  Mara (Swamp:4)
  Arachne (Spider:3)
  A tentacled monstrosity (Vaults:5)
  5 Orb Guardians (Zot:5)
  2 titans (Vaults:5)
  A sphinx (Depths:4)
  A frost giant (Depths:4)
  A vault warden (Vaults:3)
  A deep elf sorcerer (Elf:1)
  2 ironbound preservers
  An ironbound thunderhulk (Vaults:3)
  2 very ugly things
  A stone giant (Depths:4)
  3 dire elephants
  A green draconian (Depths:4)
  3 purple draconians
  A yellow draconian (Zot:5)
  4 red draconians
  A blizzard demon (Depths:3)
  A great orb of eyes (Vaults:1)
  2 ice dragons
  A vault guard (Vaults:5)
  A peacekeeper (Desolation)
  A jorogumo (Spider:4)
  An ogre mage (Vaults:5)
  A centaur warrior (Vaults:2)
  An ironbound frostheart (Vaults:1)
  A spriggan skeleton (Crypt:3)
  A deep troll shaman (D:15)
  A two-headed ogre (Vaults:5)
  A dancing weapon (Elf:2)
  2 hell knights (Depths:1)
  2 salamander mystics (Depths:3)
  An iron troll (Depths:1)
  A pharaoh ant (Spider:2)
  3 orb spiders
  A wizard (Vaults:4)
  A flayed ghost (Depths:4)
  2 deep elf archers
  6 deep trolls
  2 steelbarb worms
  An ironbound convoker (Vaults:3)
  2 orc knights (Vaults:3)
  3 deep elf pyromancers (Elf:2)
  2 deep elf zephyrmancers
  2 necromancers
  2 ugly things
  9 wolf spiders
  A will-o-the-wisp (Swamp:4)
  A salamander (Depths:3)
  2 vault sentinels
  4 torpor snails
  6 yaktaurs
  4 demonic crawlers
  A freezing wraith (Vaults:5)
  2 hornets
  A troll (Depths:4)
  5 saltlings (Desolation)
  5 tarantellas
  2 tarantella zombies
  5 slime creatures
  A spriggan (Depths:1)
  12 culicivoras
  7 jumping spiders
  13 redbacks
  A swamp dragon zombie (Vaults:5)
  A swamp drake (Swamp:4)
  2 orc warriors (Depths:4)
  2 ogres (Vaults:5)
  An electric eel (Spider:4)
  An orc priest (Depths:4)
  2 orcs (Depths:4)
170 creatures vanquished.

Vanquished Creatures (others)
  A Killer Klown zombie (Zot:2)
  4 very ugly thing zombies
  A quicksilver dragon zombie (Vaults:5)
  A hydra (Swamp:3)
  9 Orb Guardian zombies (Zot:5)
  A deep troll shaman (Depths:1)
  A vampire mage (Depths:2)
  A hell knight (Depths:1)
  A titan zombie (Vaults:5)
  A storm dragon zombie (Zot:5)
  A deep troll (Vaults:4)
  A glowing orange brain (Depths:2)
  A ghost moth zombie (Zot:5)
  4 ugly thing zombies
  2 golden dragon zombies
  2 wizards
  A deep elf zephyrmancer (Elf:1)
  A sphinx zombie (Depths:4)
  5 wolf spider zombies
  2 stone giant zombies
  2 draconian zombies
  2 moths of wrath
  2 fire giant zombies
  4 dire elephant zombies (Vaults:1)
  A yellow draconian zombie (Zot:2)
  A green draconian zombie (Zot:2)
  8 redback zombies
  3 black draconian zombies
  7 red draconian zombies
  3 purple draconian zombies
  2 white draconian zombies
  4 iron troll zombies
  An unseen horror (D:11)
  A hydra zombie (Swamp:4)
  2 demonic crawler zombies (Spider:2)
  2 moth of wrath zombies
  4 bloated husks
  A harpy zombie (Vaults:3)
  A sun moth zombie (Spider:1)
  A hornet (Depths:2)
  5 tarantella zombies
  A guardian serpent zombie (Desolation)
  2 culicivora zombies
  31 human zombies
  2 ettin zombies (Vaults:5)
  An ice dragon zombie (Depths:4)
  3 jumping spider zombies
  A spriggan (Swamp:4)
  2 humans (D:13)
  A redback (Spider:4)
  14 deep troll zombies
  An ogre zombie (Vaults:5)
  A two-headed ogre zombie (Vaults:5)
  2 swamp dragon zombies (Swamp:4)
  21 elf zombies
  7 salamander zombies (Depths:3)
  2 yaktaur zombies (Vaults:3)
  An earth elemental (Swamp:4)
  An orc priest (Orc:2)
  An orc wizard (Orc:2)
  2 kobolds (D:9)
  3 bushes (Lair:1)
  32 foxfires
  25 fungi
  82 plants
  8 withered plants (D:15)
345 creatures vanquished.

Grand Total: 2591 creatures vanquished

Table legend:
 A = Non-vault XP
 B = Vault XP
 C = Vault XP percentage of total XP
 D = Non-vault monster count
 E = Vault monster count
 F = Vault count percentage of total count
                 A         B        C        D         E       F
            +---------+---------+-------+---------+---------+-------
      Total |  672784 |  563516 |  45.6 |    1369 |     880 |  39.1
            +---------+---------+-------+---------+---------+-------
        D:1 |      49 |       0 |   0.0 |      27 |       0 |   0.0
        D:2 |      58 |       0 |   0.0 |      15 |       0 |   0.0
        D:3 |     196 |      72 |  26.9 |      16 |      12 |  42.9
        D:4 |     216 |      90 |  29.4 |      14 |       1 |   6.7
        D:5 |     286 |      36 |  11.2 |      17 |       1 |   5.6
        D:6 |    1166 |     416 |  26.3 |      17 |       3 |  15.0
        D:7 |    1209 |       0 |   0.0 |      20 |       0 |   0.0
        D:8 |    2225 |     420 |  15.9 |      24 |       5 |  17.2
        D:9 |    1269 |       0 |   0.0 |      19 |       0 |   0.0
       D:10 |    5113 |    7466 |  59.4 |      32 |      33 |  50.8
       D:11 |    4139 |   12245 |  74.7 |      20 |      35 |  63.6
       D:12 |    5789 |    3393 |  37.0 |      15 |       7 |  31.8
       D:13 |    8630 |    3444 |  28.5 |      18 |       5 |  21.7
       D:14 |    9086 |    1169 |  11.4 |      21 |       2 |   8.7
       D:15 |   29085 |   10815 |  27.1 |      43 |      11 |  20.4
     Lair:1 |    4971 |    1491 |  23.1 |      20 |       9 |  31.0
     Lair:2 |    4972 |    3819 |  43.4 |      19 |       9 |  32.1
     Lair:3 |    3501 |    1385 |  28.3 |       9 |       3 |  25.0
     Lair:4 |    7538 |    2620 |  25.8 |      24 |      14 |  36.8
     Lair:5 |   16309 |   12066 |  42.5 |      41 |      41 |  50.0
    Swamp:1 |   10862 |       0 |   0.0 |      20 |       0 |   0.0
    Swamp:2 |    9529 |       0 |   0.0 |      17 |       0 |   0.0
    Swamp:3 |   12712 |    3556 |  21.9 |      28 |       7 |  20.0
    Swamp:4 |    8453 |   18759 |  68.9 |      20 |      19 |  48.7
   Spider:1 |   19852 |    1696 |   7.9 |      60 |       1 |   1.6
   Spider:2 |   23319 |     271 |   1.1 |      56 |       1 |   1.8
   Spider:3 |   14908 |    2192 |  12.8 |      40 |       1 |   2.4
   Spider:4 |   14671 |   21979 |  60.0 |      39 |      46 |  54.1
      Orc:1 |    2709 |       0 |   0.0 |      36 |       0 |   0.0
      Orc:2 |    4669 |    4727 |  50.3 |      34 |      44 |  56.4
      Elf:1 |   19191 |   13781 |  41.8 |      29 |      21 |  42.0
      Elf:2 |   19659 |    1662 |   7.8 |      30 |       2 |   6.2
      Elf:3 |    5950 |   31075 |  83.9 |       9 |      30 |  76.9
   Vaults:1 |   35294 |   18941 |  34.9 |      50 |      26 |  34.2
   Vaults:2 |   24978 |   13631 |  35.3 |      33 |      16 |  32.7
   Vaults:3 |   19493 |   15447 |  44.2 |      33 |      18 |  35.3
   Vaults:4 |   29373 |   16360 |  35.8 |      41 |      23 |  35.9
   Vaults:5 |    6319 |   39608 |  86.2 |      11 |      36 |  76.6
    Crypt:1 |   47161 |   24316 |  34.0 |      77 |      27 |  26.0
    Crypt:2 |   13680 |       0 |   0.0 |      25 |       0 |   0.0
    Crypt:3 |       0 |   58021 | 100.0 |       0 |      92 | 100.0
   Depths:1 |   26158 |    1691 |   6.1 |      40 |       1 |   2.4
   Depths:2 |   38818 |   16202 |  29.4 |      55 |      29 |  34.5
   Depths:3 |   19936 |   41408 |  67.5 |      25 |      33 |  56.9
   Depths:4 |   32765 |   18360 |  35.9 |      35 |      25 |  41.7
      Zot:1 |   18492 |       0 |   0.0 |      17 |       0 |   0.0
      Zot:2 |   24078 |   12398 |  34.0 |      21 |      30 |  58.8
      Zot:3 |    8119 |      40 |   0.5 |       8 |       1 |  11.1
      Zot:4 |    8426 |    3957 |  32.0 |       8 |       3 |  27.3
      Zot:5 |   47403 |   79398 |  62.6 |      41 |      31 |  43.1
      IceCv |       0 |    4970 | 100.0 |       0 |      51 | 100.0
    Volcano |       0 |    4668 | 100.0 |       0 |       8 | 100.0
 Desolation |       0 |   33455 | 100.0 |       0 |      67 | 100.0
            +---------+---------+-------+---------+---------+-------

Illustrated notes

Table legend:
 A = Kills in this place as a percentage of kills in entire the game.
 B = Kills by you in this place as a percentage of kills by you in the entire game.
 C = Kills by friends in this place as a percentage of kills by friends in the entire game.
 D = Other kills in this place as a percentage of other kills in the entire game.
 E = Experience gained in this place as a percentage of experience gained in the entire game.
 F = Experience gained in this place divided by the number of levels of this place that you have seen.
                   A       B       C       D       E      F
               +-------+-------+-------+-------+-------+----------------------
         Total | 100.0 | 100.0 | 100.0 | 100.0 | 100.0 | 22894.4
       Dungeon |  19.3 |  20.9 |   0.6 |   0.0 |   8.7 | 7205.5
          Lair |   8.4 |   9.1 |   0.0 |   0.0 |   4.7 | 11734.4
         Swamp |   4.9 |   5.0 |   2.4 |  20.0 |   5.2 | 15967.8
   Spider Nest |  10.8 |   8.7 |  37.7 |   6.7 |   8.0 | 24722.0
  Orcish Mines |   5.1 |   5.5 |   0.0 |   0.0 |   1.0 | 6052.5
   Elven Halls |   5.4 |   5.4 |   5.4 |   6.7 |   7.4 | 30439.3
        Vaults |  12.8 |  11.6 |  26.9 |  13.3 |  17.8 | 43888.8
         Crypt |   9.8 |  10.6 |   1.2 |   0.0 |  11.6 | 47726.0
        Depths |  10.8 |  10.2 |  15.6 |  40.0 |  15.8 | 48834.5
           Zot |   7.1 |   7.1 |   6.6 |  13.3 |  16.4 | 40462.2
      Ice Cave |   2.3 |   2.5 |   0.0 |   0.0 |   0.4 | 4970.0
       Volcano |   0.4 |   0.4 |   0.0 |   0.0 |   0.4 | 4668.0
    Desolation |   3.0 |   3.0 |   3.6 |   0.0 |   2.7 | 33455.0
               +-------+-------+-------+-------+-------+----------------------

Table legend: (Time is in decaauts)
 A = Elapsed time spent in this place.
 B = Non-inter-level travel time spent in this place.
 C = Inter-level travel time spent in this place.
 D = Time resting spent in this place.
 E = Time spent auto-exploring this place.
 F = Levels seen in this place.
 G = Mean time per level.
                   A        B        C        D        E       F      G
               +--------+--------+--------+--------+--------+-----+--------+
         Total |  63141 |  58334 |   4807 |  10316 |  32977 |  54 | 1169.3 |
       Dungeon |  16616 |  15316 |   1300 |   2442 |   9872 |  15 | 1107.7 |
          Lair |   7486 |   7037 |    449 |   1454 |   3896 |   5 | 1497.2 |
         Swamp |   4679 |   4478 |    201 |   1582 |   2054 |   4 | 1169.8 |
   Spider Nest |   5350 |   5096 |    254 |    878 |   3092 |   4 | 1337.5 |
  Orcish Mines |   2581 |   2121 |    460 |    334 |   1134 |   2 | 1290.5 |
   Elven Halls |   4467 |   4093 |    374 |    303 |   2759 |   3 | 1489.0 |
        Vaults |   7991 |   6945 |   1046 |    977 |   4048 |   5 | 1598.2 |
         Crypt |   3854 |   3670 |    184 |    765 |   1854 |   3 | 1284.7 |
        Depths |   5013 |   4587 |    426 |    429 |   2909 |   4 | 1253.2 |
           Zot |   3125 |   3017 |    108 |    674 |   1023 |   5 |  625.0 |
         Trove |     54 |     54 |      0 |      0 |      0 |   1 |   54.0 |
      Ice Cave |    717 |    717 |      0 |    165 |    182 |   1 |  717.0 |
       Volcano |    295 |    295 |      0 |     41 |    151 |   1 |  295.0 |
    Desolation |    907 |    907 |      0 |    270 |      0 |   1 |  907.0 |
               +--------+--------+--------+--------+--------+-----+--------+

Top non-repeatable levels by time:
  Lair:5: 2314 daAuts
Vaults:1: 2222 daAuts
   Orc:2: 2000 daAuts
   Elf:3: 1854 daAuts
    D:15: 1848 daAuts
Spider:2: 1833 daAuts
    D:10: 1828 daAuts
Vaults:3: 1820 daAuts
Vaults:2: 1813 daAuts
  Lair:1: 1722 daAuts
Depths:3: 1713 daAuts
Vaults:4: 1701 daAuts
 Swamp:3: 1651 daAuts
   Elf:1: 1560 daAuts
 Crypt:3: 1538 daAuts
